 Dungeon Crawl Stone Soup version 0.30-a0-174-gbc10bd73c2 (webtiles) character file.

Game seed: 15824596105245663535

309126 qw the Peltast (level 21, -19/144 HPs)
             Began as a Gargoyle Fighter on Oct 1, 2022.
             Was a High Priest of Okawaru.
             Demolished by a naga warrior
             ... wielding a +0 halberd
              (25 damage)
             ... on level 4 of the Snake Pit.
             The game lasted 00:19:53 (37487 turns).

qw the Peltast (Gargoyle Fighter)                  Turns: 37487, Time: 00:19:54

Health: -19/144    AC: 53    Str: 29    XL:     21   Next: 59%
Magic:  28/28      EV: 18    Int:  8    God:    Okawaru [*****.]
Gold:   3256       SH: 29    Dex: 14    Spells: 20/20 levels left

rFire   + + .      SeeInvis +    m - +5 broad axe of Mikhling {venom, rElec rF+ rN+ Dex-3}
rCold   . . .      Faith    .    H - +0 tower shield
rNeg    + + .      Spirit   .    J - +0 plate armour of Somewhere Else {Rampage rF+ rCorr SInv}
rPois   inf        Reflect  +    t - +2 helmet
rElec   +          Harm     .    A - +1 cloak of Starlight {*Dazzle EV+4 Stlth--}
rCorr   +          Rampage  +    p - +2 pair of gloves
Will    +....                    a - +0 pair of boots of Bad Feelings {Int-3 Dex+8}
Stlth   ..........               y - amulet of reflection
HPRegen 0.44/turn                f - +4 ring of evasion
MPRegen 0.21/turn                G - +4 ring of protection

@: about to teleport, heroic, weakened, flying, constricted
A: sickness immunity, AC +16, big wings, negative energy resistance 1,
electricity resistance, torment resistance 1, petrification resistance,
MP-powered wands
}: 1/15 runes: barnacled
a: Renounce Religion, Heroism, Finesse, Duel


You were on level 4 of the Snake Pit.
You worshipped Okawaru.
Okawaru was extremely pleased with you.
You visited 6 branches of the dungeon, and saw 34 of its levels.
You visited the Abyss 1 time.

You collected 4803 gold pieces.
You spent 1547 gold pieces at shops.


Innate Abilities, Weirdness & Mutations

You are immune to sickness and miasma.
Your stone body is resilient. (AC +16)
You are immune to poison.
Your large and strong wings let you fly.
You resist negative energy. (rN+)
You are resistant to electric shocks. (rElec)
You are resistant to unholy torment.
You are immune to petrification.
You expend magic power (3 MP) to strengthen your wands.


   Skills:
 - Level 19.0(24.0) Fighting
 - Level 18.0(23.0) Axes
 - Level 10.0(15.0) Throwing
 + Level 18.1(23.1) Armour
 - Level 7.0(12.0) Dodging
 - Level 20.0(25.0) Shields
 - Level 10.0 Invocations


You had 20 spell levels left.
You didn't know any spells.
Your spell library was empty.

Inventory:

Hand Weapons
 m - the +5 broad axe of Mikhling (weapon) {venom, rElec rF+ rN+ Dex-3}
   (You acquired it on level 2 of the Dungeon)

   It poisons the flesh of those it strikes.
   Dex:       It affects your dexterity (-3).
   rF:        It protects you from fire.
   rElec:     It insulates you from electricity.
   rN:        It protects you from negative energy.
 o - a +7 vorpal broad axe
Missiles
 e - 5 javelins (quivered)
 k - 11 boomerangs
 n - a silver javelin
 I - a silver boomerang
 M - 3 boomerangs of dispersal
Armour
 a - the +0 pair of boots of Bad Feelings (worn) {Int-3 Dex+8}
   (Okawaru gifted it to you on level 3 of the Lair of Beasts)

   Int:       It affects your intelligence (-3).
   Dex:       It affects your dexterity (+8).
 c - a +1 kite shield of resistance
 i - the +15 Maxwell's patent armour {-Cast -Tele rElec Will+ rCorr}
   (Okawaru gifted it to you on level 15 of the Dungeon)

   rElec:     It insulates you from electricity.
   -Cast:     It prevents spellcasting.
   -Tele:     It prevents most forms of teleportation.
   rCorr:     It protects you from acid and corrosion.
   Will:      It increases your willpower.
 p - a +2 pair of gloves (worn)
 t - a +2 helmet (worn)
 A - the +1 cloak of Starlight (worn) {*Dazzle EV+4 Stlth--}
   (You acquired it on level 7 of the Dungeon)

   It may blind those who miss an attack against the wearer in melee combat.
   EV:        It affects your evasion (+4).
   Stlth:     It makes you much less stealthy.
 B - the +6 chain mail of Dice, Bag, and Bottle {Rampage Str+4 Int+4 Stlth-}
   (Okawaru gifted it to you on level 2 of the Lair of Beasts)

   Str:       It affects your strength (+4).
   Int:       It affects your intelligence (+4).
   Rampage:   It bestows one free step when moving towards enemies.
   Stlth:     It makes you less stealthy.
 F - a +2 plate armour of fire resistance
 H - a +0 tower shield (worn)
 J - the +0 plate armour of Somewhere Else (worn) {Rampage rF+ rCorr SInv}
   (You found it on level 4 of the Shoals)

   rF:        It protects you from fire.
   SInv:      It lets you see invisible.
   rCorr:     It protects you from acid and corrosion.
   Rampage:   It bestows one free step when moving towards enemies.
 K - a +10 plate armour of ponderousness
Jewellery
 f - a +4 ring of evasion (left hand)
 h - a ring of fire
 w - the ring "Lefum" {Wiz rF++ Str-4}
   (You found it on level 1 of the Vaults)

   [ring of wizardry]

   It improves your spell success rate.
   Str:       It affects your strength (-4).
   rF:        It greatly protects you from fire.
 y - an amulet of reflection (around neck)
 E - a ring of ice
 G - a +4 ring of protection (right hand)
 L - a ring of protection from cold
 Y - a ring of resist corrosion
Wands
 D - a wand of digging (2)
Scrolls
 g - 18 scrolls of teleportation
 q - 3 scrolls of identify
 C - a scroll of enchant weapon
 N - a scroll of enchant armour
Potions
 b - 3 potions of resistance
 d - 6 potions of might
 j - 5 potions of mutation
 l - 6 potions of cancellation
 r - 3 potions of magic
 s - 4 potions of attraction
 u - 2 potions of curing
 v - 3 potions of haste
 x - 5 potions of lignification
 z - 2 potions of heal wounds

Dungeon Overview and Level Annotations

Branches:
Dungeon (15/15)            Temple (0/1) D:6            Lair (5/5) D:8
 Shoals (4/4) Lair:3        Snake (4/4) Lair:3        Slime (0/5) Lair:5
    Orc (2/2) D:9             Elf (0/3) Orc:2        Vaults (4/5) D:13
  Crypt (0/3) Vaults:3     Depths (0/4) D:15

Altars:
Ashenzari
Cheibriados
Elyvilon
Fedhas
Gozag
Makhleb
Okawaru
Ru
Sif Muna
Trog
Uskayaw
Wu Jian
Xom
The Shining One
Jiyva

Shops:
D:4 ?   D:5 !   D:6 =[(   D:7 (   D:9 *   Orc:2 *:[((   Shoals:2 =   Snake:2 [
Vaults:3 (   Vaults:4 *

Annotations:
D:6 3 runed translucent doors, qw's ghost, novice GrFi
Lair:5 2 transporters, 1 runed translucent door, qw's ghost, journeyman GrFi
Orc:2 3 runed translucent doors, qw's ghost, adept GrFi


Message History

The poison arrow misses you.
The naga warrior roars a battlecry!
The naga sharpshooter goes into a battle-frenzy!
The naga mage closely misses you.
The naga sharpshooter shoots a bolt.
You reflect the bolt off an invisible shield around you!
The bolt barely misses the naga sharpshooter.
The naga sharpshooter mumbles some strange words.
The naga sharpshooter magically shoots a bolt.
You reflect the bolt off an invisible shield around you!
The nagaraja spits poison at you. The splash of poison misses you.
The splash of poison hits the naga warrior.
The nagaraja constricts you.
You slash the nagaraja!
The nagaraja looks as sick as possible!
The nagaraja is heavily wounded.
You barely miss the naga mage. You slash the naga mage!
The naga mage spits poison at you.
The splash of poison reflects off an invisible shield around you!
The splash of poison hits the naga mage but does no damage.
The nagaraja spits poison at you. The splash of poison misses you.
The naga mage points at the naga mage and mumbles some strange words.
The naga mage seems to grow toxic.
The naga warrior hits you from afar with a +0 halberd!!
The naga sharpshooter gestures wildly while chanting.
The naga sharpshooter magically shoots a bolt.
You reflect the bolt off an invisible shield around you!
The nagaraja hits you but does no damage.
The nagaraja constricts you.
37487 ||| READING 19 scrolls of teleportation.
As you read the scroll of teleportation, it crumbles to dust.
You feel strangely unstable.
The nagaraja no longer looks unusually strong.
The naga mage no longer looks unusually strong.
The naga mage points at the nagaraja and mumbles some strange words.
The nagaraja seems to grow toxic.
You block the nagaraja's attack. You block the naga mage's attack.
You block the naga's attack. The nagaraja hits you with a +0 spear!
The nagaraja constricts you.
The naga warrior hits you from afar with a +0 halberd!!
You die...

#......#
#......#
###......#
#.........
#.<......#
#....###..#
###)).##...
#.))NN.....
#.N@NN.....
...)..)N)NNN...
....#..NN#N....
.........NNN...
....##..#NNNNN.
..#. ##....N...
. . #......N. .
...#....


You could see 2 nagarajas, 3 naga warriors, 3 naga sharpshooters, a salamander
(strong), a naga ritualist (strong, curare), 5 naga magi and 4 nagas.

Vanquished Creatures
  Mara (Vaults:2)
  Boris (twice) (Vaults:2 Vaults:4)
  Margery (Vaults:4)
  Saint Roka (Vaults:1)
  3 krakens
  Kirke (D:12)
  5 sphinxes
  Gastronok (Lair:3)
  Ilsuiw (Shoals:3)
  A fire giant (Vaults:4)
  4 nagarajas
  14 vault wardens
  Aizul (Vaults:1)
  An angel (Abyss:3)
  An orc warlord (Vaults:4)
  3 war gargoyles
  10 very ugly things
  9 ironbound thunderhulks
  2 stone giants
  13 ironbound preservers
  An eleionoma (shapeshifter) (Vaults:4)
  12 dire elephants
  A merfolk javelineer (Shoals:4)
  An eidolon (Vaults:3)
  8 yaktaur captains
  5 ettins
  Josephine (Orc:1)
  7 merfolk impalers
  7 crystal guardians
  An entropy weaver (Vaults:2)
  7 great orbs of eyes
  4 hydras
  6 peacekeepers
  17 vault guards
  3 salamander tyrants
  Fannar (Lair:2)
  6 anacondas
  2 ogre magi (D:15)
  4 boulder beetles
  6 catoblepae
  15 ironbound frosthearts
  4 merfolk avatars
  15 centaur warriors
  12 satyrs
  7 two-headed ogres
  3 thrashing horrors (Abyss:3)
  25 death yaks
  11 naga sharpshooters
  15 naga warriors
  An orc high priest (Orc:2)
  A vampire mage (Vaults:3)
  5 hell knights (Vaults:4)
  2 shock serpents
  A wretched star (Abyss:3)
  Sonja (Lair:5)
  A deep elf knight (D:15)
  A skeletal warrior (Vaults:3)
  3 salamander mystics
  A sixfirhy (Abyss:3)
  7 sea snakes
  33 deep trolls
  2 glowing orange brains (Vaults:4)
  2 wizards
  A phantasmal warrior (Vaults:3)
  12 ironbound convokers
  4 orc knights
  3 naga ritualists
  2 necromancers (Vaults:4)
  Pikel (D:7)
  17 harpies
  17 lindwurms
  2 mana vipers
  3 deep elf pyromancers
  16 fauns
  10 orc sorcerers
  6 cyclopes
  15 ugly things
  A stone giant zombie (Vaults:4)
  15 elephants
  23 manticores
  A black mamba (shapeshifter) (D:14)
  18 salamanders
  Joseph (D:8)
  6 merfolk sirens
  13 vault sentinels
  10 naga magi
  3 water nymphs
  2 apocalypse crabs (Abyss:3)
  27 black mambas
  6 guardian serpents
  An orange demon (Abyss:3)
  A gargoyle (D:10)
  14 cane toads
  An unseen horror zombie (D:10)
  13 komodo dragons
  A kobold demonologist (D:12)
  33 yaktaurs
  2 unseen horrors
  2 rime drakes
  A komodo dragon (shapeshifter) (D:14)
  3 meliai (D:11)
  18 merfolk
  9 trolls
  6 polar bears
  A wolf spider simulacrum (D:14)
  5 wind drakes
  A hornet (D:9)
  23 slime creatures
  3 snapping turtles
  14 blink frogs
  6 dream sheep (Lair:5)
  3 large abominations (Abyss:3)
  4 flying skulls (Abyss:3)
  10 water elementals
  10 shadows
  11 wraiths
  4 vampires (D:10)
  4 wyverns
  3 steam dragons
  50 yaks
  Grum (D:8)
  6 basilisks
  4 hogs (D:12)
  2 golden eyes (Abyss:3)
  2 neqoxecs (Abyss:3)
  2 redbacks (Vaults:2)
  3 vampire mosquitoes (D:14)
  8 wargs
  40 nagas
  5 acid dragons
  16 water moccasins
  3 black bears
  21 orc warriors
  A black bear (shapeshifter) (D:15)
  7 wolves
  9 ogres
  A boggart (Vaults:1)
  9 centaurs
  A phantom (D:6)
  A human zombie (Vaults:4)
  3 kobold brigands
  8 bullfrogs
  2 human simulacra (Vaults:4)
  2 scorpions
  A necrophage (D:5)
  4 small abominations (Abyss:3)
  16 wights
  6 killer bees (D:10)
  A howler monkey (D:9)
  5 starcursed masses (Abyss:3)
  7 centaur zombies (D:10)
  5 hounds
  A jelly (D:8)
  12 orc priests
  3 gnoll boudas
  An iron imp (Abyss:3)
  Ijyb (D:5)
  8 iguanas
  41 orc wizards
  Terence (D:3)
  Robin (D:3)
  3 gnolls (D:7)
  2 howler monkey zombies (D:10)
  5 adders
  A shadow imp (D:7)
  A white imp (D:6)
  4 worms
  2 dart slugs (D:1)
  90 orcs
  7 ball pythons
  7 bats
  8 endoplasms
  A giant cockroach (D:2)
  17 goblins
  10 hobgoblins
  3 jackals (D:4)
  5 quokkas
  3 frilled lizards
  23 kobolds
  3 rats
  5 tentacles
1306 creatures vanquished.

Vanquished Creatures (others)
  2 harpies (Shoals:4)
  A wizard (Vaults:3)
  2 orc wizards (Orc:2)
  2 orcs (Orc:2)
  32 fungi
  52 plants
  10 tentacles
  7 withered plants (D:10)
108 creatures vanquished.

Grand Total: 1414 creatures vanquished

Notes
Turn   | Place    | Note
-------+----------+-------------------------------------------
     0 | D:1      | qw the Gargoyle Fighter began the quest for the Orb.
     0 | D:1      | Reached XP level 1. HP: 14/14 MP: 1/1
     0 | D:1      | 0 ||| qw: Version: 0.2-a-13-gfc7b4b4
     0 | D:1      | 0 ||| qw: Game counter: 1961
     0 | D:1      | 0 ||| qw: Always use a shield: true
     0 | D:1      | 0 ||| qw: God list: Okawaru
     0 | D:1      | 0 ||| qw: Allow faded altars: false
     0 | D:1      | 0 ||| qw: Do Orc after D:15 true
     0 | D:1      | 0 ||| qw: Do second Lair branch before Depths: true
     0 | D:1      | 0 ||| qw: Lair rune preference: random
     0 | D:1      | 0 ||| qw: Plans: Normal, Zot:1-4, God:TSO, Crypt, Tomb,
                  | Pan, Slime:5, Hells, Abyss, Orb
     0 | D:1      | 0 ||| PLANNING D:1-11
   126 | D:1      | 126 ||| Stepping ~*~*~tactically~*~*~ (hiding).
   133 | D:1      | Reached XP level 2. HP: 14/19 MP: 2/2
   222 | D:1      | 222 ||| DROPPING +0 club.
   301 | D:1      | 301 ||| Stepping ~*~*~tactically~*~*~ (stealth).
   366 | D:1      | Reached skill level 3 in Axes
   372 | D:1      | 372 ||| Stepping ~*~*~tactically~*~*~ (stealth).
   374 | D:1      | 374 ||| Stepping ~*~*~tactically~*~*~ (stealth).
   379 | D:1      | Reached XP level 3. HP: 22/23 MP: 3/3
   379 | D:1      | 379 ||| Stepping ~*~*~tactically~*~*~ (stealth).
   579 | D:1      | 579 ||| UPGRADING to +0 pair of boots.
   584 | D:1      | 584 ||| UPGRADING to +4 ring of evasion.
   585 | D:1      | 585 ||| READING scroll labelled YKHAECLAPN.
   609 | D:2      | 609 ||| STAIRDANCE
   696 | D:2      | You fall into a shaft and drop 1 floor!
   745 | D:3      | 745 ||| Stepping ~*~*~tactically~*~*~ (stealth).
   763 | D:3      | 763 ||| Stepping ~*~*~tactically~*~*~ (stealth).
   774 | D:3      | 774 ||| Stepping ~*~*~tactically~*~*~ (stealth).
   776 | D:3      | 776 ||| Stepping ~*~*~tactically~*~*~ (stealth).
   780 | D:3      | 780 ||| Stepping ~*~*~tactically~*~*~ (stealth).
   781 | D:3      | 781 ||| Stepping ~*~*~tactically~*~*~ (stealth).
   813 | D:3      | 813 ||| Stepping ~*~*~tactically~*~*~ (stealth).
   821 | D:3      | 821 ||| FLEEEEING.
   822 | D:3      | 822 ||| FLEEEEING.
   823 | D:3      | 823 ||| FLEEEEING.
   824 | D:3      | 824 ||| STAIRDANCE
   965 | D:2      | Found a faded altar of an unknown god.
  1021 | D:2      | 1021 ||| Stepping ~*~*~tactically~*~*~ (stealth).
  1032 | D:2      | 1032 ||| Stepping ~*~*~tactically~*~*~ (stealth).
  1056 | D:2      | Reached XP level 4. HP: 28/28 MP: 4/4
  1124 | D:2      | 1124 ||| Stepping ~*~*~tactically~*~*~ (stealth).
  1469 | D:2      | 1469 ||| READING scroll labelled WOPUUH COICRESCH.
  1469 | D:2      | Identified a scroll of acquirement
  1469 | D:2      | 1469 ||| ACQUIRING +5 broad axe of Mikhling {venom, rElec
                  | rF+ rN+ Dex-3}
  1469 | D:2      | Acquired the +5 broad axe of Mikhling {venom, rElec rF+ rN+
                  | Dex-3}
  1471 | D:2      | 1471 ||| SWAPPING to +5 broad axe of Mikhling {venom, rElec
                  | rF+ rN+ Dex-3}.
  1472 | D:2      | 1472 ||| DROPPING +0 war axe.
  1473 | D:2      | 1473 ||| READING scroll labelled ATE JUSMAM.
  1474 | D:2      | 1474 ||| READING scroll labelled PUHUMEWKER.
  1475 | D:2      | 1475 ||| DRINKING 2 bubbling emerald potions.
  1548 | D:3      | Reached skill level 1 in Throwing
  1596 | D:3      | Noticed Terence
  1597 | D:3      | 1597 ||| Stepping ~*~*~tactically~*~*~ (stealth).
  1602 | D:3      | Killed Terence
  1682 | D:3      | Noticed Robin
  1691 | D:3      | Killed Robin
  1692 | D:3      | Reached XP level 5. HP: 32/32 MP: 5/5
  1980 | D:3      | Found a burning altar of Makhleb.
  2044 | D:3      | 2044 ||| DROPPING orb of guile.
  2045 | D:3      | 2045 ||| UPGRADING to +0 chain mail.
  2055 | D:3      | 2055 ||| DROPPING +0 scale mail.
  2056 | D:3      | 2056 ||| UPGRADING to +0 helmet.
  2061 | D:3      | 2061 ||| READING scroll labelled UDUSIL LUEM.
  2062 | D:3      | 2062 ||| READING scroll labelled RAOZXO AVOWOR WIS.
  2080 | D:3      | 2080 ||| READING scroll labelled XIOTEO UMODU.
  2103 | D:3      | 2103 ||| STAIRDANCE
  2107 | D:3      | 2107 ||| STAIRDANCE
  2111 | D:3      | 2111 ||| STAIRDANCE
  2115 | D:3      | 2115 ||| STAIRDANCE
  2119 | D:3      | 2119 ||| STAIRDANCE
  2123 | D:3      | 2123 ||| STAIRDANCE
  2127 | D:3      | 2127 ||| STAIRDANCE
  2131 | D:3      | 2131 ||| STAIRDANCE
  2135 | D:3      | 2135 ||| STAIRDANCE
  2139 | D:3      | 2139 ||| STAIRDANCE
  2143 | D:3      | 2143 ||| STAIRDANCE
  2147 | D:3      | 2147 ||| STAIRDANCE
  2151 | D:3      | 2151 ||| STAIRDANCE
  2155 | D:3      | 2155 ||| STAIRDANCE
  2159 | D:3      | 2159 ||| STAIRDANCE
  2163 | D:3      | 2163 ||| STAIRDANCE
  2167 | D:3      | 2167 ||| STAIRDANCE
  2171 | D:3      | 2171 ||| STAIRDANCE
  2175 | D:3      | 2175 ||| STAIRDANCE
  2372 | D:4      | 2372 ||| Stepping ~*~*~tactically~*~*~ (stealth).
  2374 | D:4      | 2374 ||| Stepping ~*~*~tactically~*~*~ (stealth).
  2455 | D:4      | Found Mem Mede's Magic Scroll Boutique.
  2458 | D:4      | 2458 ||| BUYING scroll of identify (28 gold).
  2458 | D:4      | Bought a scroll of identify for 28 gold pieces
  2484 | D:4      | 2484 ||| Stepping ~*~*~tactically~*~*~ (stealth).
  2537 | D:4      | Noticed a steam dragon
  2547 | D:4      | Killed a steam dragon
  2548 | D:4      | Reached XP level 6. HP: 40/40 MP: 6/6
  2613 | D:4      | Noticed a black bear
  2624 | D:4      | Killed a black bear
  2625 | D:4      | Reached skill level 6 in Axes
  2625 | D:4      | Reached XP level 7. HP: 22/44 MP: 7/7
  2630 | D:4      | Found a shimmering altar of Xom.
  2910 | D:4      | 2910 ||| UPGRADING to +0 pair of gloves.
  2915 | D:4      | 2915 ||| DRINKING 2 orange potions.
  2916 | D:4      | 2916 ||| DRINKING 2 fizzy silvery potions.
  2916 | D:4      | Gained mutation: Your flesh is heat resistant. (rF+)
                  | [potion of mutation]
  2916 | D:4      | Gained mutation: You have an increased reservoir of magic.
                  | (+10% MP) [potion of mutation]
  2917 | D:4      | 2917 ||| DROPPING potion of flight.
  2934 | D:5      | Entered Level 5 of the Dungeon
  3136 | D:5      | Found Sohiokoa's Distillery.
  3146 | D:5      | 3146 ||| SHOPLISTING 2 potions of haste (280 gold, have
                  | 196).
  3146 | D:5      | 3146 ||| BUYING potion of attraction (42 gold).
  3146 | D:5      | Bought a potion of attraction for 42 gold pieces
  3146 | D:5      | 3146 ||| BUYING potion of attraction (42 gold).
  3146 | D:5      | Bought a potion of attraction for 42 gold pieces
  3146 | D:5      | 3146 ||| BUYING potion of cancellation (112 gold).
  3146 | D:5      | Bought a potion of cancellation for 112 gold pieces
  3146 | D:5      | 3146 ||| SHOPLISTING potion of curing (42 gold, have 0).
  3146 | D:5      | 3146 ||| SHOPLISTING potion of resistance (140 gold, have
                  | 0).
  3223 | D:5      | Identified the +4 ring mail of the Moon Troll {rPois rC+
                  | Regen+ Stlth-}
  3253 | D:5      | Noticed Ijyb
  3254 | D:5      | 3254 ||| Stepping ~*~*~tactically~*~*~ (hiding).
  3255 | D:5      | 3255 ||| Stepping ~*~*~tactically~*~*~ (hiding).
  3257 | D:5      | 3257 ||| Stepping ~*~*~tactically~*~*~ (hiding).
  3268 | D:5      | Killed Ijyb
  3277 | D:5      | Found an ornate altar of the Wu Jian Council.
  3281 | D:5      | Found a shimmering blue altar of Sif Muna.
  3286 | D:5      | Found a glowing golden altar of the Shining One.
  3289 | D:5      | Found a white marble altar of Elyvilon.
  3291 | D:5      | Found an iron altar of Okawaru.
  3292 | D:5      | 3292 ||| PLANNING OKAWARU WORSHIP
  3292 | D:5      | 3292 ||| UPGRADING to +0 cloak.
  3297 | D:5      | 3297 ||| UPGRADING to +4 ring mail of the Moon Troll {rPois
                  | rC+ Regen+ Stlth-}.
  3307 | D:5      | 3307 ||| DROPPING +0 chain mail.
  3308 | D:5      | 3308 ||| READING scroll labelled WUBIUMPICU.
  3311 | D:5      | 3311 ||| READING scroll labelled TASANES UTZOSO.
  3312 | D:5      | 3312 ||| DRINKING 2 black potions.
  3313 | D:5      | 3313 ||| DRINKING 2 metallic emerald potions.
  3418 | D:5      | 3418 ||| DROPPING potion of degeneration.
  3419 | D:5      | 3419 ||| DROPPING potion of berserk rage.
  3474 | D:5      | 3474 ||| FLEEEEING.
  3475 | D:5      | 3475 ||| FLEEEEING.
  3476 | D:5      | 3476 ||| FLEEEEING.
  3477 | D:5      | 3477 ||| FLEEEEING.
  3478 | D:5      | 3478 ||| FLEEEEING.
  3479 | D:5      | 3479 ||| FLEEEEING.
  3480 | D:5      | 3480 ||| FLEEEEING.
  3482 | D:5      | 3482 ||| FLEEEEING.
  3483 | D:5      | 3483 ||| FLEEEEING.
  3484 | D:5      | 3484 ||| FLEEEEING.
  3485 | D:5      | 3485 ||| FLEEEEING.
  3486 | D:5      | 3486 ||| FLEEEEING.
  3487 | D:5      | 3487 ||| FLEEEEING.
  3488 | D:5      | 3488 ||| FLEEEEING.
  3489 | D:5      | 3489 ||| FLEEEEING.
  3490 | D:5      | 3490 ||| FLEEEEING.
  3492 | D:5      | 3492 ||| FLEEEEING.
  3493 | D:5      | 3493 ||| FLEEEEING.
  3494 | D:5      | 3494 ||| FLEEEEING.
  3495 | D:5      | 3495 ||| FLEEEEING.
  3496 | D:5      | 3496 ||| FLEEEEING.
  3497 | D:5      | 3497 ||| FLEEEEING.
  3498 | D:5      | 3498 ||| FLEEEEING.
  3499 | D:5      | 3499 ||| FLEEEEING.
  3500 | D:5      | 3500 ||| FLEEEEING.
  3501 | D:5      | 3501 ||| FLEEEEING.
  3502 | D:5      | 3502 ||| FLEEEEING.
  3503 | D:5      | 3503 ||| FLEEEEING.
  3505 | D:5      | 3505 ||| FLEEEEING.
  3506 | D:5      | 3506 ||| FLEEEEING.
  3507 | D:5      | 3507 ||| FLEEEEING.
  3508 | D:5      | 3508 ||| FLEEEEING.
  3509 | D:5      | 3509 ||| FLEEEEING.
  3510 | D:5      | 3510 ||| FLEEEEING.
  3511 | D:5      | 3511 ||| FLEEEEING.
  3512 | D:5      | 3512 ||| FLEEEEING.
  3513 | D:5      | 3513 ||| FLEEEEING.
  3514 | D:5      | 3514 ||| FLEEEEING.
  3515 | D:5      | 3515 ||| FLEEEEING.
  3516 | D:5      | 3516 ||| FLEEEEING.
  3517 | D:5      | 3517 ||| STAIRDANCE
  3524 | D:5      | 3524 ||| STAIRDANCE
  3572 | D:5      | Found a bloodstained altar of Trog.
  3574 | D:5      | Became a worshipper of Warmaster Okawaru
  3575 | D:5      | 3575 ||| PLANNING D:1-11
  3849 | D:6      | Found Hiastrosk's Antique Weapon Shop.
  3850 | D:6      | 3850 ||| STAIRDANCE
  3856 | D:5      | Reached XP level 8. HP: 49/49 MP: 8/8
  3858 | D:6      | 3858 ||| STAIRDANCE
  3865 | D:5      | 3865 ||| DROPPING +0 whip.
  3869 | D:6      | 3869 ||| STAIRDANCE
  3882 | D:6      | 3882 ||| SHOPLISTING +7 sceptre of Torment {pain, torment}
                  | (2160 gold, have 40).
  3889 | D:6      | 3889 ||| Stepping ~*~*~tactically~*~*~ (hiding).
  3917 | D:6      | 3917 ||| Stepping ~*~*~tactically~*~*~ (stealth).
  3925 | D:6      | Reached skill level 1 in Dodging
  3933 | D:6      | Reached * piety under Okawaru
  3988 | D:6      | Reached skill level 6 in Fighting
  4018 | D:6      | 4018 ||| Stepping ~*~*~tactically~*~*~ (stealth).
  4025 | D:6      | Reached skill level 1 in Invocations
  4034 | D:6      | Found a hide-covered altar of Uskayaw.
  4066 | D:6      | Found a runed translucent gate.
  4066 | D:6      | Found a runed translucent gate.
  4067 | D:6      | Found a runed translucent gate.
  4067 | D:6      | Noticed qw's ghost (novice GrFi)
  4068 | D:6      | Noticed a kobold demonologist
  4167 | D:6      | Found a staircase to the Ecumenical Temple.
  4289 | D:6      | Found Asousol's Jewellery Emporium.
  4292 | D:6      | 4292 ||| SHOPLISTING +4 ring of slaying (936 gold, have
                  | 113).
  4292 | D:6      | 4292 ||| SHOPLISTING +6 ring of dexterity (432 gold, have
                  | 113).
  4292 | D:6      | 4292 ||| SHOPLISTING ring of ice (300 gold, have 113).
  4292 | D:6      | 4292 ||| SHOPLISTING ring of protection from cold (300
                  | gold, have 113).
  4292 | D:6      | 4292 ||| SHOPLISTING ring of protection from fire (300
                  | gold, have 113).
  4309 | D:6      | Found Isit's Armour Shoppe.
  4452 | D:6      | 4452 ||| READING scroll labelled NIAMUFESEA.
  4453 | D:6      | 4453 ||| DRINKING 2 ruby potions.
  4454 | D:6      | 4454 ||| DRINKING 2 grey potions.
  4598 | D:7      | 4598 ||| Stepping ~*~*~tactically~*~*~ (stealth).
  4601 | D:7      | 4601 ||| Stepping ~*~*~tactically~*~*~ (hiding).
  4607 | D:7      | 4607 ||| INVOKING Heroism.
  4611 | D:7      | Reached skill level 3 in Invocations
  4612 | D:7      | Reached XP level 9. HP: 55/55 MP: 9/12
  4640 | D:7      | Reached ** piety under Okawaru
  4697 | D:7      | Found a sacrificial altar of Ru.
  4710 | D:7      | Noticed Pikel
  4711 | D:7      | 4711 ||| INVOKING Heroism.
  4712 | D:7      | 4712 ||| Stepping ~*~*~tactically~*~*~ (stealth).
  4713 | D:7      | 4713 ||| Stepping ~*~*~tactically~*~*~ (stealth).
  4718 | D:7      | Killed Pikel
  4719 | D:7      | Reached skill level 9 in Axes
  4745 | D:7      | 4745 ||| Stepping ~*~*~tactically~*~*~ (stealth).
  4753 | D:7      | 4753 ||| Stepping ~*~*~tactically~*~*~ (hiding).
  4810 | D:7      | 4810 ||| INVOKING Heroism.
  4812 | D:7      | Reached skill level 4 in Shields
  4855 | D:7      | Found Loomal's Weapon Emporium.
  4864 | D:7      | 4864 ||| SHOPLISTING +3 vampiric whip (269 gold, have 150).
  4952 | D:7      | Noticed a manticore
  4953 | D:7      | 4953 ||| INVOKING Heroism.
  4958 | D:7      | Killed a manticore
  5059 | D:7      | 5059 ||| Stepping ~*~*~tactically~*~*~ (stealth).
  5062 | D:7      | 5062 ||| Stepping ~*~*~tactically~*~*~ (stealth).
  5063 | D:7      | 5063 ||| Stepping ~*~*~tactically~*~*~ (stealth).
  5070 | D:7      | 5070 ||| Stepping ~*~*~tactically~*~*~ (stealth).
  5072 | D:7      | 5072 ||| Stepping ~*~*~tactically~*~*~ (stealth).
  5074 | D:7      | 5074 ||| Stepping ~*~*~tactically~*~*~ (stealth).
  5080 | D:7      | 5080 ||| Stepping ~*~*~tactically~*~*~ (stealth).
  5082 | D:7      | 5082 ||| INVOKING Heroism.
  5093 | D:7      | 5093 ||| Stepping ~*~*~tactically~*~*~ (hiding).
  5094 | D:7      | 5094 ||| Stepping ~*~*~tactically~*~*~ (hiding).
  5105 | D:7      | 5105 ||| INVOKING Heroism.
  5124 | D:7      | 5124 ||| READING scroll of acquirement.
  5124 | D:7      | 5124 ||| ACQUIRING +1 cloak of Starlight {*Dazzle EV+4
                  | Stlth--}
  5124 | D:7      | Acquired the +1 cloak of Starlight {*Dazzle EV+4 Stlth--}
  5124 | D:7      | Found the +1 cloak of Starlight {*Dazzle EV+4 Stlth--}
  5126 | D:7      | 5126 ||| UPGRADING to +1 cloak of Starlight {*Dazzle EV+4
                  | Stlth--}.
  5136 | D:7      | 5136 ||| DROPPING +0 cloak.
  5187 | D:7      | Reached *** piety under Okawaru
  5192 | D:7      | 5192 ||| DROPPING +0 flail.
  5321 | D:7      | 5321 ||| READING scroll labelled BOLURHITRA.
  5322 | D:7      | 5322 ||| READING scroll labelled HIFRUETTYLE.
  5323 | D:7      | 5323 ||| READING 3 scrolls labelled KUUXKAASOH.
  5324 | D:7      | 5324 ||| READING 3 scrolls of identify.
  5324 | D:7      | 5324 ||| IDENTIFYING metallic puce potion
  5325 | D:7      | 5325 ||| READING 2 scrolls of identify.
  5325 | D:7      | 5325 ||| IDENTIFYING fizzy orange potion
  5326 | D:7      | 5326 ||| DROPPING 2 scrolls of blinking.
  5355 | D:8      | Noticed Joseph
  5356 | D:8      | 5356 ||| Stepping ~*~*~tactically~*~*~ (hiding).
  5359 | D:8      | 5359 ||| Stepping ~*~*~tactically~*~*~ (hiding).
  5370 | D:8      | Killed Joseph
  5371 | D:8      | Reached XP level 10. HP: 64/64 MP: 14/14
  5527 | D:8      | 5527 ||| INVOKING Heroism.
  5598 | D:8      | Reached skill level 3 in Throwing
  5682 | D:8      | Found a blossoming altar of Fedhas.
  5739 | D:8      | Noticed Grum
  5740 | D:8      | 5740 ||| INVOKING Heroism.
  5747 | D:8      | Killed Grum
  5748 | D:8      | Reached skill level 5 in Shields
  5787 | D:8      | 5787 ||| INVOKING Heroism.
  5836 | D:8      | Reached **** piety under Okawaru
  5840 | D:8      | 5840 ||| INVOKING Heroism.
  5864 | D:8      | 5864 ||| Stepping ~*~*~tactically~*~*~ (stealth).
  5870 | D:8      | 5870 ||| INVOKING Heroism.
  5907 | D:8      | Found a staircase to the Lair.
  5964 | D:8      | 5964 ||| PLANNING LAIR
  5964 | D:8      | 5964 ||| READING scroll labelled COFFIU NISE.
  5965 | D:8      | 5965 ||| READING 3 scrolls of identify.
  5965 | D:8      | 5965 ||| IDENTIFYING sedimented golden potion
  5966 | D:8      | 5966 ||| READING 2 scrolls of identify.
  5966 | D:8      | 5966 ||| IDENTIFYING red potion
  5967 | D:8      | 5967 ||| DROPPING potion of brilliance.
  5991 | Lair:1   | Entered Level 1 of the Lair of Beasts
  6005 | Lair:1   | 6005 ||| INVOKING Heroism.
  6043 | Lair:1   | Reached skill level 6 in Invocations
  6053 | Lair:1   | 6053 ||| Stepping ~*~*~tactically~*~*~ (stealth).
  6056 | Lair:1   | 6056 ||| INVOKING Heroism.
  6072 | Lair:1   | Reached XP level 11. HP: 68/68 MP: 15/17
  6080 | Lair:1   | Reached ***** piety under Okawaru
  6098 | Lair:1   | Received a gift from Okawaru
  6124 | Lair:1   | 6124 ||| INVOKING Heroism.
  6191 | Lair:1   | 6191 ||| INVOKING Heroism.
  6213 | Lair:1   | Reached skill level 9 in Fighting
  6247 | Lair:1   | 6247 ||| INVOKING Heroism.
  6270 | Lair:1   | 6270 ||| INVOKING Heroism.
  6359 | Lair:1   | 6359 ||| INVOKING Heroism.
  6506 | Lair:1   | 6506 ||| INVOKING Heroism.
  6718 | Lair:1   | 6718 ||| UPGRADING to ring of resist corrosion.
  6789 | Lair:2   | 6789 ||| READING scroll of acquirement.
  6789 | Lair:2   | 6789 ||| ACQUIRING +4 scale mail of the Thirsty Wonders
                  | {Harm rF+ rCorr}
  6789 | Lair:2   | Acquired the +4 scale mail of the Thirsty Wonders {Harm rF+
                  | rCorr}
  6838 | Lair:2   | 6838 ||| Stepping ~*~*~tactically~*~*~ (stealth).
  6839 | Lair:2   | 6839 ||| INVOKING Heroism.
  6841 | Lair:2   | 6841 ||| Stepping ~*~*~tactically~*~*~ (stealth).
  6845 | Lair:2   | Identified the +6 chain mail of Dice, Bag, and Bottle
                  | {Rampage Str+4 Int+4 Stlth-} (Okawaru gifted it to you on
                  | level 2 of the Lair of Beasts)
  6845 | Lair:2   | Received a gift from Okawaru
  6848 | Lair:2   | 6848 ||| Stepping ~*~*~tactically~*~*~ (stealth).
  6851 | Lair:2   | 6851 ||| Stepping ~*~*~tactically~*~*~ (stealth).
  6922 | Lair:2   | 6922 ||| INVOKING Heroism.
  6930 | Lair:2   | Reached skill level 9 in Invocations
  7030 | Lair:2   | Noticed a five-headed hydra
  7030 | Lair:2   | Noticed Fannar
  7031 | Lair:2   | 7031 ||| Stepping ~*~*~tactically~*~*~ (hiding).
  7033 | Lair:2   | 7033 ||| INVOKING Heroism.
  7035 | Lair:2   | 7035 ||| SWAPPING to +4 flail of freezing.
  7036 | Lair:2   | 7036 ||| INVOKING Finesse.
  7043 | Lair:2   | Killed a five-headed hydra
  7044 | Lair:2   | 7044 ||| SWAPPING to +5 broad axe of Mikhling {venom, rElec
                  | rF+ rN+ Dex-3}.
  7060 | Lair:2   | Killed Fannar
  7421 | Lair:2   | Reached skill level 12 in Axes
  7603 | Lair:2   | 7603 ||| DROPPING +0 plate armour.
  7604 | Lair:2   | 7604 ||| UPGRADING to +6 chain mail of Dice, Bag, and
                  | Bottle {Rampage Str+4 Int+4 Stlth-}.
  7614 | Lair:2   | 7614 ||| DROPPING +4 ring mail of the Moon Troll {rPois rC+
                  | Regen+ Stlth-}.
  7615 | Lair:2   | 7615 ||| READING 2 scrolls labelled CALUPAHUNUC.
  7616 | Lair:2   | 7616 ||| DROPPING scroll of fear.
  7640 | Lair:3   | Found a staircase to the Snake Pit.
  7641 | Lair:3   | 7641 ||| STAIRDANCE
  7652 | Lair:3   | Reached XP level 12. HP: 76/76 MP: 21/21
  7655 | Lair:3   | 7655 ||| INVOKING Heroism.
  7664 | Lair:3   | Noticed Gastronok
  7665 | Lair:3   | 7665 ||| Stepping ~*~*~tactically~*~*~ (stealth).
  7668 | Lair:3   | Reached skill level 6 in Armour
  7668 | Lair:3   | Noticed a death yak
  7669 | Lair:3   | 7669 ||| INVOKING Finesse.
  7669 | Lair:3   | Noticed a death yak
  7671 | Lair:3   | Noticed a death yak
  7677 | Lair:3   | Noticed a death yak
  7677 | Lair:3   | Noticed a death yak
  7683 | Lair:3   | Killed a death yak
  7694 | Lair:3   | Killed a death yak
  7700 | Lair:3   | Killed a death yak
  7701 | Lair:3   | Reached skill level 6 in Shields
  7702 | Lair:3   | Killed a death yak
  7702 | Lair:3   | Received a gift from Okawaru
  7707 | Lair:3   | Killed a death yak
  7712 | Lair:3   | HP: 19/77 [manticore (3)]
  7713 | Lair:3   | 7713 ||| READING 6 scrolls of teleportation.
  7714 | Lair:3   | 7714 ||| DRINKING potion of heal wounds.
  7715 | Lair:3   | Received a gift from Okawaru
  7719 | Lair:3   | Killed Gastronok
  7891 | Lair:3   | 7891 ||| SWAPPING to +5 broad axe of electrocution.
  7895 | Lair:3   | Found the +10 zealot's sword {holy, *Rage rN+ EV+3}
  7898 | Lair:3   | 7898 ||| READING scroll of enchant armour.
  7898 | Lair:3   | 7898 ||| ENCHANTING +0 pair of gloves.
  7900 | Lair:3   | Found a staircase to the Shoals.
  8037 | Lair:3   | Noticed a death yak
  8038 | Lair:3   | 8038 ||| INVOKING Heroism.
  8039 | Lair:3   | 8039 ||| INVOKING Finesse.
  8041 | Lair:3   | Noticed a death yak
  8043 | Lair:3   | Noticed a death yak
  8043 | Lair:3   | Noticed a death yak
  8044 | Lair:3   | 8044 ||| Stepping ~*~*~tactically~*~*~ (stealth).
  8047 | Lair:3   | Killed a death yak
  8049 | Lair:3   | Noticed a death yak
  8055 | Lair:3   | Noticed a death yak
  8058 | Lair:3   | Killed a death yak
  8065 | Lair:3   | Killed a death yak
  8071 | Lair:3   | Killed a death yak
  8071 | Lair:3   | Identified the +0 pair of boots of Bad Feelings {Int-3
                  | Dex+8} (Okawaru gifted it to you on level 3 of the Lair of
                  | Beasts)
  8071 | Lair:3   | Received a gift from Okawaru
  8077 | Lair:3   | Killed a death yak
  8085 | Lair:3   | Killed a death yak
  8086 | Lair:3   | Reached skill level 9 in Armour
  8086 | Lair:3   | Reached XP level 13. HP: 38/82 MP: 17/22
  8458 | Lair:3   | 8458 ||| UPGRADING to +0 pair of boots of Bad Feelings
                  | {Int-3 Dex+8}.
  8468 | Lair:3   | 8468 ||| DROPPING +0 pair of boots.
  8469 | Lair:3   | 8469 ||| READING scroll labelled XOBUHA LEH.
  8553 | Lair:4   | Reached skill level 3 in Dodging
  8559 | Lair:4   | 8559 ||| Stepping ~*~*~tactically~*~*~ (stealth).
  8560 | Lair:4   | 8560 ||| INVOKING Heroism.
  8561 | Lair:4   | 8561 ||| INVOKING Finesse.
  8608 | Lair:4   | 8608 ||| Stepping ~*~*~tactically~*~*~ (stealth).
  8613 | Lair:4   | 8613 ||| Stepping ~*~*~tactically~*~*~ (stealth).
  8617 | Lair:4   | 8617 ||| Stepping ~*~*~tactically~*~*~ (stealth).
  8639 | Lair:4   | 8639 ||| Stepping ~*~*~tactically~*~*~ (stealth).
  8753 | Lair:4   | 8753 ||| INVOKING Heroism.
  8782 | Lair:4   | 8782 ||| DROPPING +2 mace of holy wrath.
  8852 | Lair:4   | 8852 ||| INVOKING Heroism.
  8854 | Lair:4   | 8854 ||| Stepping ~*~*~tactically~*~*~ (stealth).
  8978 | Lair:4   | 8978 ||| INVOKING Heroism.
  8980 | Lair:4   | 8980 ||| Stepping ~*~*~tactically~*~*~ (stealth).
  8982 | Lair:4   | 8982 ||| Stepping ~*~*~tactically~*~*~ (stealth).
  9325 | Lair:4   | 9325 ||| DROPPING orb of mayhem.
  9362 | Lair:5   | Entered Level 5 of the Lair of Beasts
  9394 | Lair:5   | 9394 ||| Stepping ~*~*~tactically~*~*~ (stealth).
  9395 | Lair:5   | Noticed Sonja
  9396 | Lair:5   | 9396 ||| Stepping ~*~*~tactically~*~*~ (stealth).
  9397 | Lair:5   | 9397 ||| INVOKING Heroism.
  9398 | Lair:5   | 9398 ||| INVOKING Finesse.
  9430 | Lair:5   | Killed Sonja
  9434 | Lair:5   | Received a gift from Okawaru
  9450 | Lair:5   | 9450 ||| Stepping ~*~*~tactically~*~*~ (stealth).
  9488 | Lair:5   | 9488 ||| INVOKING Heroism.
  9500 | Lair:5   | 9500 ||| Stepping ~*~*~tactically~*~*~ (stealth).
  9533 | Lair:5   | 9533 ||| Stepping ~*~*~tactically~*~*~ (stealth).
  9578 | Lair:5   | 9578 ||| Stepping ~*~*~tactically~*~*~ (stealth).
  9579 | Lair:5   | 9579 ||| INVOKING Heroism.
  9580 | Lair:5   | 9580 ||| Stepping ~*~*~tactically~*~*~ (stealth).
  9581 | Lair:5   | 9581 ||| INVOKING Finesse.
  9591 | Lair:5   | 9591 ||| Stepping ~*~*~tactically~*~*~ (stealth).
  9594 | Lair:5   | 9594 ||| Stepping ~*~*~tactically~*~*~ (stealth).
  9597 | Lair:5   | Reached skill level 7 in Shields
  9598 | Lair:5   | 9598 ||| SWAPPING to +4 flail of freezing.
  9611 | Lair:5   | 9611 ||| SWAPPING to +5 broad axe of electrocution.
  9627 | Lair:5   | 9627 ||| INVOKING Heroism.
  9635 | Lair:5   | Received a gift from Okawaru
  9636 | Lair:5   | Gained mutation: Your large and strong wings let you fly.
                  | [Gargoyle growth]
  9636 | Lair:5   | Reached XP level 14. HP: 90/90 MP: 18/23
  9658 | Lair:5   | 9658 ||| Stepping ~*~*~tactically~*~*~ (stealth).
  9668 | Lair:5   | 9668 ||| Stepping ~*~*~tactically~*~*~ (hiding).
  9800 | Lair:5   | 9800 ||| Stepping ~*~*~tactically~*~*~ (stealth).
  9802 | Lair:5   | 9802 ||| Stepping ~*~*~tactically~*~*~ (stealth).
  9804 | Lair:5   | Identified the +4 halberd of Baas {elec, rN+ Int+2}
                  | (Okawaru gifted it to you on level 5 of the Lair of Beasts)
  9804 | Lair:5   | Received a gift from Okawaru
  9805 | Lair:5   | 9805 ||| INVOKING Heroism.
  9806 | Lair:5   | 9806 ||| INVOKING Finesse.
  9808 | Lair:5   | 9808 ||| Stepping ~*~*~tactically~*~*~ (stealth).
  9812 | Lair:5   | 9812 ||| Stepping ~*~*~tactically~*~*~ (stealth).
  9840 | Lair:5   | 9840 ||| Stepping ~*~*~tactically~*~*~ (stealth).
  9845 | Lair:5   | 9845 ||| INVOKING Finesse.
  9860 | Lair:5   | 9860 ||| Stepping ~*~*~tactically~*~*~ (stealth).
  9861 | Lair:5   | 9861 ||| INVOKING Heroism.
  9863 | Lair:5   | Reached skill level 15 in Axes
  9875 | Lair:5   | 9875 ||| Stepping ~*~*~tactically~*~*~ (stealth).
  9942 | Lair:5   | 9942 ||| Stepping ~*~*~tactically~*~*~ (hiding).
  9944 | Lair:5   | 9944 ||| INVOKING Heroism.
  9946 | Lair:5   | 9946 ||| INVOKING Finesse.
 10006 | Lair:5   | 10006 ||| INVOKING Heroism.
 10015 | Lair:5   | 10015 ||| Stepping ~*~*~tactically~*~*~ (stealth).
 10016 | Lair:5   | 10016 ||| INVOKING Finesse.
 10048 | Lair:5   | 10048 ||| INVOKING Heroism.
 10083 | Lair:5   | 10083 ||| Stepping ~*~*~tactically~*~*~ (hiding).
 10086 | Lair:5   | 10086 ||| INVOKING Finesse.
 10094 | Lair:5   | 10094 ||| INVOKING Heroism.
 10095 | Lair:5   | 10095 ||| Stepping ~*~*~tactically~*~*~ (stealth).
 10106 | Lair:5   | 10106 ||| Stepping ~*~*~tactically~*~*~ (stealth).
 10111 | Lair:5   | Received a gift from Okawaru
 10249 | Lair:5   | 10249 ||| INVOKING Heroism.
 10250 | Lair:5   | 10250 ||| INVOKING Finesse.
 10309 | Lair:5   | 10309 ||| DROPPING +0 broad axe of electrocution.
 10422 | Lair:5   | 10422 ||| INVOKING Heroism.
 10438 | Lair:5   | Received a gift from Okawaru
 10490 | Lair:5   | Found a transporter.
 10497 | Lair:5   | 10497 ||| Stepping ~*~*~tactically~*~*~ (stealth).
 10498 | Lair:5   | Noticed qw's ghost (journeyman GrFi)
 10500 | Lair:5   | 10500 ||| Stepping ~*~*~tactically~*~*~ (stealth).
 10502 | Lair:5   | 10502 ||| INVOKING Heroism.
 10512 | Lair:5   | Reached skill level 6 in Throwing
 10517 | Lair:5   | 10517 ||| Stepping ~*~*~tactically~*~*~ (stealth).
 10519 | Lair:5   | Reached skill level 12 in Fighting
 10525 | Lair:5   | 10525 ||| Stepping ~*~*~tactically~*~*~ (stealth).
 10530 | Lair:5   | Identified the +0 hat of the Commoners {rN+} (Okawaru
                  | gifted it to you on level 5 of the Lair of Beasts)
 10530 | Lair:5   | Received a gift from Okawaru
 10563 | Lair:5   | Found a transporter.
 10638 | Lair:5   | 10638 ||| READING scroll of enchant weapon.
 10638 | Lair:5   | 10638 ||| ENCHANTING +5 broad axe of electrocution.
 10715 | Lair:5   | 10715 ||| Stepping ~*~*~tactically~*~*~ (stealth).
 10759 | Lair:5   | Found a runed translucent door.
 10760 | Lair:5   | Found a viscous altar of Jiyva.
 10761 | Lair:5   | Noticed an azure jelly
 10762 | Lair:5   | Found a staircase to the Slime Pits.
 10762 | Lair:5   | Noticed an azure jelly
 10919 | Lair:5   | 10919 ||| PLANNING D:1-11
 10919 | Lair:5   | 10919 ||| DROPPING +0 hat of the Commoners {rN+}.
 10973 | Lair:1   | 10973 ||| INVOKING Heroism.
 11142 | D:9      | Found a staircase to the Orcish Mines.
 11180 | D:9      | 11180 ||| Stepping ~*~*~tactically~*~*~ (stealth).
 11186 | D:9      | 11186 ||| Stepping ~*~*~tactically~*~*~ (stealth).
 11216 | D:9      | Found Xaveamim's Hallowed Reliquary.
 11221 | D:9      | Noticed an angel
 11227 | D:9      | 11227 ||| BUYING +1 morningstar of holy wrath (156 gold).
 11227 | D:9      | Bought a +1 morningstar of holy wrath for 156 gold pieces
 11227 | D:9      | 11227 ||| BUYING potion of curing (33 gold).
 11227 | D:9      | Bought a potion of curing for 33 gold pieces
 11227 | D:9      | 11227 ||| BUYING potion of heal wounds (55 gold).
 11227 | D:9      | Bought a potion of heal wounds for 55 gold pieces
 11227 | D:9      | 11227 ||| BUYING ring of positive energy (220 gold).
 11227 | D:9      | Bought a ring of positive energy for 220 gold pieces
 11227 | D:9      | 11227 ||| DROPPING +4 flail of freezing.
 11273 | D:9      | 11273 ||| FLEEEEING.
 11274 | D:9      | 11274 ||| FLEEEEING.
 11275 | D:9      | 11275 ||| FLEEEEING.
 11277 | D:9      | 11277 ||| FLEEEEING.
 11278 | D:9      | 11278 ||| Stepping ~*~*~tactically~*~*~ (hiding).
 11280 | D:9      | 11280 ||| Stepping ~*~*~tactically~*~*~ (hiding).
 11291 | D:9      | 11291 ||| Stepping ~*~*~tactically~*~*~ (hiding).
 11310 | D:9      | 11310 ||| READING scroll of enchant weapon.
 11310 | D:9      | 11310 ||| ENCHANTING +6 broad axe of electrocution.
 11317 | D:9      | 11317 ||| READING scroll of enchant armour.
 11317 | D:9      | 11317 ||| ENCHANTING +1 pair of gloves.
 11544 | D:9      | 11544 ||| Stepping ~*~*~tactically~*~*~ (hiding).
 11553 | D:9      | 11553 ||| Stepping ~*~*~tactically~*~*~ (hiding).
 11579 | D:9      | 11579 ||| Stepping ~*~*~tactically~*~*~ (hiding).
 12087 | D:10     | Entered Level 10 of the Dungeon
 12131 | D:10     | 12131 ||| Stepping ~*~*~tactically~*~*~ (hiding).
 12132 | D:10     | 12132 ||| Stepping ~*~*~tactically~*~*~ (hiding).
 12197 | D:10     | 12197 ||| Stepping ~*~*~tactically~*~*~ (stealth).
 12198 | D:10     | 12198 ||| Stepping ~*~*~tactically~*~*~ (stealth).
 12199 | D:10     | 12199 ||| Stepping ~*~*~tactically~*~*~ (stealth).
 12227 | D:10     | 12227 ||| FLEEEEING.
 12228 | D:10     | 12228 ||| FLEEEEING.
 12229 | D:10     | 12229 ||| FLEEEEING.
 12230 | D:10     | 12230 ||| FLEEEEING.
 12232 | D:10     | 12232 ||| FLEEEEING.
 12233 | D:10     | 12233 ||| FLEEEEING.
 12234 | D:10     | 12234 ||| FLEEEEING.
 12235 | D:10     | 12235 ||| FLEEEEING.
 12238 | D:10     | 12238 ||| FLEEEEING.
 12287 | D:10     | 12287 ||| INVOKING Heroism.
 12290 | D:10     | 12290 ||| Stepping ~*~*~tactically~*~*~ (stealth).
 12300 | D:10     | Reached XP level 15. HP: 94/96 MP: 24/24
 12337 | D:10     | 12337 ||| DROPPING +1 morningstar of holy wrath.
 12362 | D:10     | 12362 ||| Stepping ~*~*~tactically~*~*~ (stealth).
 12364 | D:10     | 12364 ||| Stepping ~*~*~tactically~*~*~ (stealth).
 12404 | D:10     | Reached skill level 8 in Shields
 12404 | D:10     | 12404 ||| Stepping ~*~*~tactically~*~*~ (stealth).
 12606 | D:10     | 12606 ||| Stepping ~*~*~tactically~*~*~ (stealth).
 12608 | D:10     | 12608 ||| Stepping ~*~*~tactically~*~*~ (stealth).
 12623 | D:10     | 12623 ||| DRINKING 3 potions of curing.
 12623 | D:10     | 12623 ||| (to cure confusion)
 12904 | D:11     | 12904 ||| Stepping ~*~*~tactically~*~*~ (stealth).
 12906 | D:11     | 12906 ||| Stepping ~*~*~tactically~*~*~ (hiding).
 12982 | D:11     | 12982 ||| Stepping ~*~*~tactically~*~*~ (stealth).
 12983 | D:11     | 12983 ||| INVOKING Heroism.
 13126 | D:11     | 13126 ||| READING scroll of enchant armour.
 13126 | D:11     | 13126 ||| ENCHANTING +0 helmet.
 13737 | D:11     | 13737 ||| PLANNING D
 13737 | D:11     | 13737 ||| UPGRADING to +2 buckler.
 13747 | D:11     | 13747 ||| DROPPING +0 buckler.
 13933 | D:12     | 13933 ||| Stepping ~*~*~tactically~*~*~ (hiding).
 14095 | D:12     | 14095 ||| INVOKING Heroism.
 14162 | D:12     | Noticed Kirke
 14163 | D:12     | 14163 ||| INVOKING Heroism.
 14164 | D:12     | 14164 ||| INVOKING Finesse.
 14178 | D:12     | 14178 ||| DRINKING 6 potions of cancellation.
 14182 | D:12     | 14182 ||| DRINKING 5 potions of cancellation.
 14186 | D:12     | Killed Kirke
 14543 | D:12     | 14543 ||| READING scroll labelled PYTIRCH MA DAO.
 14544 | D:12     | 14544 ||| SWAPPING to +5 broad axe of Mikhling {venom,
                  | rElec rF+ rN+ Dex-3}.
 14545 | D:12     | 14545 ||| READING 3 scrolls of identify.
 14545 | D:12     | 14545 ||| IDENTIFYING white potion
 14601 | D:13     | 14601 ||| INVOKING Heroism.
 14602 | D:13     | 14602 ||| SWAPPING to +3 morningstar.
 14603 | D:13     | 14603 ||| INVOKING Finesse.
 14610 | D:13     | 14610 ||| SWAPPING to +5 broad axe of Mikhling {venom,
                  | rElec rF+ rN+ Dex-3}.
 14780 | D:13     | 14780 ||| Stepping ~*~*~tactically~*~*~ (stealth).
 14885 | D:13     | 14885 ||| Stepping ~*~*~tactically~*~*~ (hiding).
 15081 | D:13     | Found a gate to the Vaults.
 15082 | D:13     | 15082 ||| INVOKING Heroism.
 15083 | D:13     | 15083 ||| Stepping ~*~*~tactically~*~*~ (stealth).
 15102 | D:13     | Received a gift from Okawaru
 15312 | D:13     | 15312 ||| UPGRADING to +0 kite shield.
 15322 | D:13     | 15322 ||| DROPPING +2 buckler.
 15323 | D:13     | 15323 ||| DROPPING amulet of faith.
 15324 | D:13     | 15324 ||| DRINKING 3 clear potions.
 15425 | D:13     | 15425 ||| DROPPING 2 potions of ambrosia.
 15458 | D:14     | 15458 ||| FLEEEEING.
 15459 | D:14     | 15459 ||| FLEEEEING.
 15460 | D:14     | 15460 ||| FLEEEEING.
 15461 | D:14     | 15461 ||| STAIRDANCE
 15514 | D:14     | 15514 ||| INVOKING Heroism.
 15661 | D:14     | 15661 ||| FLEEEEING.
 15662 | D:14     | 15662 ||| FLEEEEING.
 15663 | D:14     | 15663 ||| FLEEEEING.
 15664 | D:14     | 15664 ||| INVOKING Heroism.
 15679 | D:14     | Received a gift from Okawaru
 15721 | D:14     | Reached skill level 9 in Shields
 15769 | D:14     | Found a shimmering blue altar of Sif Muna.
 15848 | D:14     | 15848 ||| FLEEEEING.
 15849 | D:14     | 15849 ||| FLEEEEING.
 15850 | D:14     | 15850 ||| FLEEEEING.
 15851 | D:14     | 15851 ||| FLEEEEING.
 15858 | D:14     | 15858 ||| FLEEEEING.
 15859 | D:14     | 15859 ||| FLEEEEING.
 15860 | D:14     | 15860 ||| STAIRDANCE
 16169 | D:15     | Entered Level 15 of the Dungeon
 16186 | D:15     | 16186 ||| INVOKING Heroism.
 16189 | D:15     | Found a staircase to the Depths.
 16214 | D:15     | Reached skill level 10 in Shields
 16359 | D:15     | Found a snail-covered altar of Cheibriados.
 16364 | D:15     | 16364 ||| Stepping ~*~*~tactically~*~*~ (stealth).
 16367 | D:15     | 16367 ||| Stepping ~*~*~tactically~*~*~ (stealth).
 16371 | D:15     | 16371 ||| Stepping ~*~*~tactically~*~*~ (stealth).
 16374 | D:15     | Received a gift from Okawaru
 16374 | D:15     | Found the +15 Maxwell's patent armour {-Cast -Tele rElec
                  | Will+ rCorr}
 16377 | D:15     | 16377 ||| INVOKING Heroism.
 16393 | D:15     | Reached skill level 11 in Shields
 16393 | D:15     | Paralysed by something for 3 turns
 16398 | D:15     | Reached XP level 16. HP: 89/101 MP: 25/25
 16621 | D:15     | 16621 ||| Stepping ~*~*~tactically~*~*~ (hiding).
 16801 | D:15     | 16801 ||| INVOKING Heroism.
 16802 | D:15     | 16802 ||| INVOKING Finesse.
 16806 | D:15     | 16806 ||| SWAPPING to +3 morningstar.
 16810 | D:15     | 16810 ||| SWAPPING to +5 broad axe of Mikhling {venom,
                  | rElec rF+ rN+ Dex-3}.
 17134 | D:15     | 17134 ||| INVOKING Heroism.
 17146 | D:15     | Reached skill level 12 in Shields
 17283 | D:15     | 17283 ||| PLANNING ORC
 17396 | D:9      | 17396 ||| UPGRADING to amulet of reflection.
 17411 | Orc:1    | Entered Level 1 of the Orcish Mines
 17412 | Orc:1    | 17412 ||| INVOKING Heroism.
 17466 | Orc:1    | 17466 ||| Stepping ~*~*~tactically~*~*~ (hiding).
 17467 | Orc:1    | 17467 ||| INVOKING Heroism.
 17486 | Orc:1    | 17486 ||| INVOKING Heroism.
 17561 | Orc:1    | 17561 ||| Stepping ~*~*~tactically~*~*~ (hiding).
 17562 | Orc:1    | 17562 ||| Stepping ~*~*~tactically~*~*~ (hiding).
 17563 | Orc:1    | 17563 ||| Stepping ~*~*~tactically~*~*~ (hiding).
 17606 | Orc:1    | 17606 ||| INVOKING Heroism.
 17607 | Orc:1    | 17607 ||| DRINKING 5 potions of curing.
 17607 | Orc:1    | 17607 ||| (to cure confusion)
 17731 | Orc:1    | 17731 ||| INVOKING Heroism.
 17734 | Orc:1    | Noticed Josephine
 17750 | Orc:1    | Killed Josephine
 17778 | Orc:1    | 17778 ||| Stepping ~*~*~tactically~*~*~ (hiding).
 17779 | Orc:1    | 17779 ||| Stepping ~*~*~tactically~*~*~ (hiding).
 17912 | Orc:2    | Entered Level 2 of the Orcish Mines
 17914 | Orc:2    | 17914 ||| INVOKING Heroism.
 17929 | Orc:2    | 17929 ||| Stepping ~*~*~tactically~*~*~ (hiding).
 17932 | Orc:2    | Reached skill level 13 in Shields
 17932 | Orc:2    | 17932 ||| Stepping ~*~*~tactically~*~*~ (hiding).
 17933 | Orc:2    | 17933 ||| Stepping ~*~*~tactically~*~*~ (hiding).
 17937 | Orc:2    | Paralysed by an orc sorcerer for 5 turns
 17943 | Orc:2    | 17943 ||| INVOKING Heroism.
 17981 | Orc:2    | 17981 ||| Stepping ~*~*~tactically~*~*~ (stealth).
 17983 | Orc:2    | 17983 ||| INVOKING Heroism.
 18047 | Orc:2    | Found a staircase to the Elven Halls.
 18052 | Orc:2    | 18052 ||| Stepping ~*~*~tactically~*~*~ (stealth).
 18053 | Orc:2    | 18053 ||| Stepping ~*~*~tactically~*~*~ (stealth).
 18055 | Orc:2    | 18055 ||| Stepping ~*~*~tactically~*~*~ (stealth).
 18253 | Orc:2    | 18253 ||| Stepping ~*~*~tactically~*~*~ (stealth).
 18255 | Orc:2    | 18255 ||| Stepping ~*~*~tactically~*~*~ (stealth).
 18361 | Orc:2    | 18361 ||| INVOKING Heroism.
 18435 | Orc:2    | 18435 ||| Stepping ~*~*~tactically~*~*~ (hiding).
 18439 | Orc:2    | 18439 ||| INVOKING Heroism.
 18440 | Orc:2    | Found War Som's Antique Armour Emporium.
 18468 | Orc:2    | Found Hish's Book Boutique.
 18529 | Orc:2    | Found a runed translucent gate.
 18529 | Orc:2    | Found a runed translucent gate.
 18529 | Orc:2    | Found a runed translucent gate.
 18529 | Orc:2    | Found an opulent altar of Gozag.
 18530 | Orc:2    | Noticed qw's ghost (adept GrFi)
 18533 | Orc:2    | Found Ibiateo's Assorted Antiques.
 18564 | Orc:2    | 18564 ||| INVOKING Heroism.
 18577 | Orc:2    | Paralysed by an orc sorcerer for 3 turns
 18657 | Orc:2    | Found Ibrys's Weapon Boutique.
 18657 | Orc:2    | Found Rebliy's Weapon Emporium.
 18889 | Orc:1    | 18889 ||| PLANNING SHOALS:1-3
 19114 | Shoals:1 | Entered Level 1 of the Shoals
 19115 | Shoals:1 | 19115 ||| INVOKING Heroism.
 19160 | Shoals:1 | 19160 ||| Stepping ~*~*~tactically~*~*~ (hiding).
 19161 | Shoals:1 | 19161 ||| Stepping ~*~*~tactically~*~*~ (hiding).
 19162 | Shoals:1 | 19162 ||| Stepping ~*~*~tactically~*~*~ (hiding).
 19163 | Shoals:1 | 19163 ||| Stepping ~*~*~tactically~*~*~ (hiding).
 19662 | Shoals:1 | Noticed a kraken
 19664 | Shoals:1 | 19664 ||| INVOKING Heroism.
 19669 | Shoals:1 | Killed a kraken
 19981 | Shoals:2 | 19981 ||| INVOKING Heroism.
 20043 | Shoals:2 | 20043 ||| INVOKING Heroism.
 20044 | Shoals:2 | 20044 ||| INVOKING Finesse.
 20045 | Shoals:2 | 20045 ||| INVOKING Finesse.
 20146 | Shoals:2 | 20146 ||| INVOKING Heroism.
 20190 | Shoals:2 | Found Heiqi's Jewellery Boutique.
 20199 | Shoals:2 | 20199 ||| BUYING +4 ring of protection (612 gold).
 20199 | Shoals:2 | Bought a +4 ring of protection for 612 gold pieces
 20299 | Shoals:2 | Reached skill level 18 in Axes
 20785 | Shoals:2 | 20785 ||| DROPPING ring of positive energy.
 20786 | Shoals:2 | 20786 ||| UPGRADING to +4 ring of protection.
 20806 | Shoals:3 | 20806 ||| INVOKING Heroism.
 20827 | Shoals:3 | Identified the +2 cloak of the Present {Int+4} (Okawaru
                  | gifted it to you on level 3 of the Shoals)
 20827 | Shoals:3 | Received a gift from Okawaru
 20997 | Shoals:3 | 20997 ||| Stepping ~*~*~tactically~*~*~ (hiding).
 20999 | Shoals:3 | 20999 ||| Stepping ~*~*~tactically~*~*~ (hiding).
 21111 | Shoals:3 | Noticed a kraken
 21117 | Shoals:3 | 21117 ||| INVOKING Heroism.
 21122 | Shoals:3 | Killed a kraken
 21296 | Shoals:3 | 21296 ||| INVOKING Heroism.
 21297 | Shoals:3 | 21297 ||| INVOKING Finesse.
 21340 | Shoals:3 | 21340 ||| Stepping ~*~*~tactically~*~*~ (hiding).
 21341 | Shoals:3 | 21341 ||| Stepping ~*~*~tactically~*~*~ (hiding).
 21343 | Shoals:3 | 21343 ||| Stepping ~*~*~tactically~*~*~ (hiding).
 21529 | Shoals:3 | 21529 ||| Stepping ~*~*~tactically~*~*~ (hiding).
 21535 | Shoals:3 | Noticed Ilsuiw
 21536 | Shoals:3 | 21536 ||| INVOKING Heroism.
 21538 | Shoals:3 | 21538 ||| INVOKING Finesse.
 21578 | Shoals:3 | Reached XP level 17. HP: 91/110 MP: 21/26
 21596 | Shoals:3 | Killed Ilsuiw
 21852 | Shoals:3 | 21852 ||| INVOKING Heroism.
 21984 | Shoals:3 | 21984 ||| INVOKING Heroism.
 22014 | Shoals:3 | 22014 ||| PLANNING SNAKE:1-3
 22014 | Shoals:3 | 22014 ||| DROPPING +2 cloak of the Present {Int+4}.
 22015 | Shoals:3 | 22015 ||| READING 4 scrolls of identify.
 22015 | Shoals:3 | 22015 ||| IDENTIFYING emerald potion
 22016 | Shoals:3 | 22016 ||| DROPPING potion of invisibility.
 22107 | Snake:1  | Entered Level 1 of the Snake Pit
 22108 | Snake:1  | 22108 ||| INVOKING Heroism.
 22178 | Snake:1  | 22178 ||| Stepping ~*~*~tactically~*~*~ (hiding).
 22185 | Snake:1  | 22185 ||| Stepping ~*~*~tactically~*~*~ (hiding).
 22213 | Snake:1  | 22213 ||| Stepping ~*~*~tactically~*~*~ (stealth).
 22216 | Snake:1  | 22216 ||| Stepping ~*~*~tactically~*~*~ (hiding).
 22218 | Snake:1  | 22218 ||| Stepping ~*~*~tactically~*~*~ (hiding).
 22227 | Snake:1  | 22227 ||| INVOKING Heroism.
 22257 | Snake:1  | 22257 ||| Stepping ~*~*~tactically~*~*~ (hiding).
 22347 | Snake:1  | 22347 ||| Stepping ~*~*~tactically~*~*~ (hiding).
 22494 | Snake:1  | 22494 ||| INVOKING Heroism.
 22501 | Snake:1  | Reached skill level 12 in Armour
 22626 | Snake:1  | You are sucked into a shaft and drop 1 floor!
 22627 | Snake:2  | 22627 ||| INVOKING Heroism.
 22633 | Snake:2  | Reached skill level 14 in Shields
 22664 | Snake:2  | 22664 ||| Stepping ~*~*~tactically~*~*~ (hiding).
 22669 | Snake:2  | 22669 ||| Stepping ~*~*~tactically~*~*~ (hiding).
 22671 | Snake:2  | 22671 ||| INVOKING Heroism.
 22740 | Snake:2  | 22740 ||| READING scroll of acquirement.
 22740 | Snake:2  | 22740 ||| ACQUIRING 1257 gold pieces
 22740 | Snake:2  | Acquired 1257 gold pieces
 22828 | Snake:2  | 22828 ||| Stepping ~*~*~tactically~*~*~ (stealth).
 22830 | Snake:2  | 22830 ||| Stepping ~*~*~tactically~*~*~ (hiding).
 22902 | Snake:2  | 22902 ||| Stepping ~*~*~tactically~*~*~ (hiding).
 22911 | Snake:2  | 22911 ||| INVOKING Heroism.
 22985 | Snake:2  | Identified the +4 short sword of Crusades {vamp, +Blink rF+
                  | SInv}
 23056 | Snake:2  | 23056 ||| UPGRADING to +1 kite shield of positive energy.
 23066 | Snake:2  | 23066 ||| UPGRADING to +2 kite shield of protection.
 23076 | Snake:2  | 23076 ||| DROPPING +1 kite shield of positive energy.
 23077 | Snake:2  | 23077 ||| DROPPING +0 kite shield.
 23078 | Snake:2  | 23078 ||| UPGRADING to +0 tower shield.
 23088 | Snake:2  | 23088 ||| DROPPING +2 kite shield of protection.
 23164 | Snake:1  | 23164 ||| Stepping ~*~*~tactically~*~*~ (hiding).
 23252 | Snake:1  | 23252 ||| INVOKING Heroism.
 23291 | Snake:1  | 23291 ||| Stepping ~*~*~tactically~*~*~ (hiding).
 23370 | Snake:1  | 23370 ||| DROPPING +1 pair of gloves.
 23436 | Snake:2  | 23436 ||| Stepping ~*~*~tactically~*~*~ (hiding).
 23437 | Snake:2  | 23437 ||| Stepping ~*~*~tactically~*~*~ (hiding).
 23662 | Snake:2  | 23662 ||| INVOKING Heroism.
 23770 | Snake:2  | 23770 ||| INVOKING Heroism.
 23972 | Snake:2  | Found Zairr's Antique Armour Emporium.
 23979 | Snake:2  | 23979 ||| Stepping ~*~*~tactically~*~*~ (hiding).
 23985 | Snake:2  | 23985 ||| INVOKING Heroism.
 24119 | Snake:2  | Received a gift from Okawaru
 24194 | Snake:2  | Found Hadad's Dragon-Slaying Spoils.
 24288 | Snake:2  | 24288 ||| Stepping ~*~*~tactically~*~*~ (stealth).
 24317 | Snake:2  | 24317 ||| Stepping ~*~*~tactically~*~*~ (stealth).
 24325 | Snake:2  | Reached skill level 15 in Shields
 24325 | Snake:2  | 24325 ||| Stepping ~*~*~tactically~*~*~ (stealth).
 24329 | Snake:2  | 24329 ||| INVOKING Heroism.
 24594 | Snake:3  | 24594 ||| Stepping ~*~*~tactically~*~*~ (hiding).
 24595 | Snake:3  | 24595 ||| INVOKING Heroism.
 24746 | Snake:3  | 24746 ||| INVOKING Heroism.
 24874 | Snake:3  | 24874 ||| READING scroll of enchant armour.
 24874 | Snake:3  | 24874 ||| ENCHANTING +1 helmet.
 24939 | Snake:3  | 24939 ||| Stepping ~*~*~tactically~*~*~ (hiding).
 24942 | Snake:3  | 24942 ||| INVOKING Heroism.
 24959 | Snake:3  | 24959 ||| Stepping ~*~*~tactically~*~*~ (hiding).
 24966 | Snake:3  | Reached skill level 16 in Shields
 25077 | Snake:3  | 25077 ||| Stepping ~*~*~tactically~*~*~ (stealth).
 25080 | Snake:3  | 25080 ||| INVOKING Heroism.
 25085 | Snake:3  | 25085 ||| Stepping ~*~*~tactically~*~*~ (hiding).
 25085 | Snake:3  | Received a gift from Okawaru
 25107 | Snake:3  | 25107 ||| INVOKING Heroism.
 25254 | Snake:3  | 25254 ||| Stepping ~*~*~tactically~*~*~ (hiding).
 25261 | Snake:3  | 25261 ||| INVOKING Heroism.
 25315 | Snake:3  | 25315 ||| Stepping ~*~*~tactically~*~*~ (hiding).
 25321 | Snake:3  | 25321 ||| INVOKING Heroism.
 25465 | Snake:3  | 25465 ||| Stepping ~*~*~tactically~*~*~ (hiding).
 25520 | Snake:3  | 25520 ||| PLANNING SHOALS:4
 25520 | Snake:3  | 25520 ||| DROPPING +2 hat of intelligence.
 25684 | Shoals:4 | Entered Level 4 of the Shoals
 25685 | Shoals:4 | 25685 ||| INVOKING Heroism.
 25692 | Shoals:4 | Reached XP level 18. HP: 112/117 MP: 26/28
 25704 | Shoals:4 | 25704 ||| DROPPING +3 morningstar.
 25711 | Shoals:4 | 25711 ||| Stepping ~*~*~tactically~*~*~ (hiding).
 25718 | Shoals:4 | 25718 ||| INVOKING Finesse.
 25722 | Shoals:4 | Reached skill level 17 in Shields
 25815 | Shoals:4 | 25815 ||| INVOKING Heroism.
 25839 | Shoals:4 | 25839 ||| INVOKING Finesse.
 25876 | Shoals:4 | HP: 25/117 [satyr/arrow (16)]
 25877 | Shoals:4 | 25877 ||| READING 20 scrolls of teleportation.
 25877 | Shoals:4 | HP: 10/117 [sphinx/divine providence (15)]
 25878 | Shoals:4 | 25878 ||| DRINKING 2 potions of heal wounds.
 25881 | Shoals:4 | 25881 ||| DRINKING potion of heal wounds.
 25885 | Shoals:4 | 25885 ||| INVOKING Heroism.
 25922 | Shoals:4 | 25922 ||| Stepping ~*~*~tactically~*~*~ (hiding).
 25928 | Shoals:4 | 25928 ||| INVOKING Heroism.
 25951 | Shoals:4 | 25951 ||| Stepping ~*~*~tactically~*~*~ (stealth).
 25963 | Shoals:4 | 25963 ||| Stepping ~*~*~tactically~*~*~ (stealth).
 26042 | Shoals:4 | 26042 ||| INVOKING Heroism.
 26113 | Shoals:4 | 26113 ||| FLEEEEING.
 26114 | Shoals:4 | 26114 ||| FLEEEEING.
 26115 | Shoals:4 | 26115 ||| FLEEEEING.
 26116 | Shoals:4 | 26116 ||| FLEEEEING.
 26117 | Shoals:4 | 26117 ||| FLEEEEING.
 26118 | Shoals:4 | 26118 ||| FLEEEEING.
 26119 | Shoals:4 | 26119 ||| FLEEEEING.
 26124 | Shoals:4 | 26124 ||| INVOKING Heroism.
 26128 | Shoals:4 | Reached skill level 18 in Shields
 26205 | Shoals:4 | Paralysed by a sphinx for 3 turns
 26211 | Shoals:4 | Paralysed by a sphinx for 2 turns
 26227 | Shoals:4 | 26227 ||| FLEEEEING.
 26228 | Shoals:4 | 26228 ||| FLEEEEING.
 26229 | Shoals:4 | 26229 ||| Stepping ~*~*~tactically~*~*~ (hiding).
 26230 | Shoals:4 | 26230 ||| Stepping ~*~*~tactically~*~*~ (hiding).
 26231 | Shoals:4 | 26231 ||| Stepping ~*~*~tactically~*~*~ (hiding).
 26281 | Shoals:4 | 26281 ||| Stepping ~*~*~tactically~*~*~ (hiding).
 26282 | Shoals:4 | 26282 ||| Stepping ~*~*~tactically~*~*~ (hiding).
 26285 | Shoals:4 | 26285 ||| DRINKING 5 potions of curing.
 26285 | Shoals:4 | 26285 ||| (to cure confusion)
 26292 | Shoals:4 | 26292 ||| INVOKING Heroism.
 26385 | Shoals:4 | 26385 ||| Stepping ~*~*~tactically~*~*~ (stealth).
 26466 | Shoals:4 | 26466 ||| Stepping ~*~*~tactically~*~*~ (stealth).
 26468 | Shoals:4 | 26468 ||| Stepping ~*~*~tactically~*~*~ (hiding).
 26471 | Shoals:4 | 26471 ||| Stepping ~*~*~tactically~*~*~ (hiding).
 26535 | Shoals:4 | 26535 ||| Stepping ~*~*~tactically~*~*~ (stealth).
 26537 | Shoals:4 | 26537 ||| Stepping ~*~*~tactically~*~*~ (hiding).
 26576 | Shoals:4 | 26576 ||| Stepping ~*~*~tactically~*~*~ (hiding).
 26635 | Shoals:4 | 26635 ||| Stepping ~*~*~tactically~*~*~ (stealth).
 26636 | Shoals:4 | 26636 ||| Stepping ~*~*~tactically~*~*~ (stealth).
 26637 | Shoals:4 | 26637 ||| Stepping ~*~*~tactically~*~*~ (stealth).
 26638 | Shoals:4 | 26638 ||| Stepping ~*~*~tactically~*~*~ (stealth).
 26639 | Shoals:4 | 26639 ||| Stepping ~*~*~tactically~*~*~ (stealth).
 26641 | Shoals:4 | 26641 ||| Stepping ~*~*~tactically~*~*~ (hiding).
 26669 | Shoals:4 | Got a barnacled rune of Zot
 26714 | Shoals:4 | 26714 ||| Stepping ~*~*~tactically~*~*~ (hiding).
 26718 | Shoals:4 | Received a gift from Okawaru
 26836 | Shoals:4 | Identified the +0 plate armour of Somewhere Else {Rampage
                  | rF+ rCorr SInv}
 27063 | Shoals:4 | 27063 ||| PLANNING VAULTS:1-4
 27063 | Shoals:4 | 27063 ||| DROPPING +0 acid dragon scales.
 27064 | Shoals:4 | 27064 ||| DROPPING +4 scale mail of the Thirsty Wonders
                  | {Harm rF+ rCorr}.
 27065 | Shoals:4 | 27065 ||| UPGRADING to +0 plate armour of Somewhere Else
                  | {Rampage rF+ rCorr SInv}.
 27075 | Shoals:4 | 27075 ||| DROPPING +2 pair of gloves.
 27076 | Shoals:4 | 27076 ||| DROPPING amulet of magic regeneration.
 27445 | Vaults:1 | Entered Level 1 of the Vaults
 27446 | Vaults:1 | 27446 ||| INVOKING Heroism.
 27515 | Vaults:1 | 27515 ||| INVOKING Heroism.
 27593 | Abyss:3  | Cast into level 3 of the Abyss (a wizard)
 27615 | Abyss:3  | 27615 ||| Stepping ~*~*~tactically~*~*~ (stealth).
 27617 | Abyss:3  | 27617 ||| Stepping ~*~*~tactically~*~*~ (stealth).
 27625 | Abyss:3  | 27625 ||| DROPPING +6 ring of intelligence.
 27626 | Abyss:3  | 27626 ||| Stepping randomly (cloudy).
 27627 | Abyss:3  | 27627 ||| Stepping ~*~*~tactically~*~*~ (cloud).
 27629 | Abyss:3  | 27629 ||| Stepping randomly (cloudy).
 27630 | Abyss:3  | 27630 ||| Stepping ~*~*~tactically~*~*~ (cloud).
 27638 | Abyss:3  | Received a gift from Okawaru
 27639 | Abyss:3  | 27639 ||| Stepping randomly (cloudy).
 27640 | Abyss:3  | 27640 ||| Stepping ~*~*~tactically~*~*~ (cloud).
 27641 | Abyss:3  | 27641 ||| Stepping ~*~*~tactically~*~*~ (stealth).
 27667 | Abyss:3  | 27667 ||| Stepping ~*~*~tactically~*~*~ (stealth).
 27668 | Abyss:3  | 27668 ||| INVOKING Heroism.
 27699 | Abyss:3  | 27699 ||| Stepping ~*~*~tactically~*~*~ (stealth).
 27700 | Abyss:3  | 27700 ||| Stepping ~*~*~tactically~*~*~ (stealth).
 27707 | Abyss:3  | Received a gift from Okawaru
 27720 | Abyss:3  | 27720 ||| Stepping ~*~*~tactically~*~*~ (hiding).
 27721 | Abyss:3  | 27721 ||| Stepping ~*~*~tactically~*~*~ (hiding).
 27723 | Abyss:3  | 27723 ||| INVOKING Heroism.
 27846 | Abyss:3  | 27846 ||| DRINKING 4 potions of curing.
 27846 | Abyss:3  | 27846 ||| (to cure confusion)
 27848 | Abyss:3  | 27848 ||| DRINKING 3 potions of curing.
 27848 | Abyss:3  | 27848 ||| (to cure confusion)
 27855 | Abyss:3  | 27855 ||| DRINKING 2 potions of curing.
 27855 | Abyss:3  | 27855 ||| (to cure confusion)
 27861 | Abyss:3  | 27861 ||| DRINKING potion of curing.
 27861 | Abyss:3  | 27861 ||| (to cure confusion)
 27891 | Abyss:3  | 27891 ||| Stepping ~*~*~tactically~*~*~ (stealth).
 27911 | Abyss:3  | 27911 ||| Stepping ~*~*~tactically~*~*~ (stealth).
 27912 | Abyss:3  | 27912 ||| Stepping ~*~*~tactically~*~*~ (stealth).
 27916 | Abyss:3  | Gained mutation: You are frail. (-10% HP) [a neqoxec]
 27917 | Abyss:3  | 27917 ||| Stepping ~*~*~tactically~*~*~ (hiding).
 27918 | Abyss:3  | Lost mutation: You have an increased reservoir of magic.
                  | (+10% MP) [a neqoxec]
 27919 | Abyss:3  | 27919 ||| Stepping ~*~*~tactically~*~*~ (hiding).
 27921 | Abyss:3  | 27921 ||| Stepping ~*~*~tactically~*~*~ (hiding).
 27922 | Abyss:3  | 27922 ||| Stepping ~*~*~tactically~*~*~ (hiding).
 27923 | Abyss:3  | 27923 ||| Stepping ~*~*~tactically~*~*~ (hiding).
 27925 | Abyss:3  | 27925 ||| INVOKING Heroism.
 27931 | Abyss:3  | Gained mutation: You are vulnerable to cold. (rC-) [a
                  | neqoxec]
 27944 | Abyss:3  | 27944 ||| DRINKING 5 potions of mutation.
 27944 | Abyss:3  | Lost mutation: You are vulnerable to cold. (rC-) [potion of
                  | mutation]
 27944 | Abyss:3  | Lost mutation: Your flesh is heat resistant. (rF+) [potion
                  | of mutation]
 27944 | Abyss:3  | Lost mutation: You are frail. (-10% HP) [potion of
                  | mutation]
 27944 | Abyss:3  | Gained mutation: You expend magic power (3 MP) to
                  | strengthen your wands. [potion of mutation]
 27979 | Abyss:3  | 27979 ||| Stepping ~*~*~tactically~*~*~ (stealth).
 28015 | Abyss:3  | 28015 ||| Stepping ~*~*~tactically~*~*~ (stealth).
 28033 | Vaults:1 | Escaped the Abyss
 28067 | Vaults:1 | Identified the ring "Lefum" {Wiz rF++ Str-4}
 28171 | Vaults:1 | 28171 ||| INVOKING Heroism.
 28172 | Vaults:1 | 28172 ||| INVOKING Finesse.
 28173 | Vaults:1 | Received a gift from Okawaru
 28192 | Vaults:1 | Reached skill level 15 in Fighting
 28299 | Vaults:1 | Received a gift from Okawaru
 28368 | Vaults:1 | Noticed Aizul
 28369 | Vaults:1 | 28369 ||| Stepping ~*~*~tactically~*~*~ (hiding).
 28372 | Vaults:1 | 28372 ||| INVOKING Heroism.
 28373 | Vaults:1 | 28373 ||| INVOKING Finesse.
 28388 | Vaults:1 | Killed Aizul
 28397 | Vaults:1 | Reached XP level 19. HP: 116/124 MP: 20/26
 28479 | Vaults:1 | 28479 ||| INVOKING Heroism.
 28529 | Vaults:1 | 28529 ||| Stepping ~*~*~tactically~*~*~ (hiding).
 28537 | Vaults:1 | 28537 ||| INVOKING Heroism.
 28616 | Vaults:1 | Reached skill level 15 in Armour
 28617 | Vaults:1 | 28617 ||| Stepping ~*~*~tactically~*~*~ (stealth).
 28619 | Vaults:1 | 28619 ||| INVOKING Heroism.
 28818 | Vaults:1 | 28818 ||| INVOKING Heroism.
 28819 | Vaults:1 | Noticed Saint Roka
 28820 | Vaults:1 | 28820 ||| INVOKING Finesse.
 28821 | Vaults:1 | 28821 ||| INVOKING Finesse.
 28863 | Vaults:1 | HP: 31/124 [Saint Roka/divine providence (9)]
 28864 | Vaults:1 | 28864 ||| READING 19 scrolls of teleportation.
 28870 | Vaults:1 | Killed Saint Roka
 29265 | Vaults:1 | 29265 ||| Stepping ~*~*~tactically~*~*~ (hiding).
 29269 | Vaults:1 | 29269 ||| Stepping ~*~*~tactically~*~*~ (hiding).
 29408 | Vaults:1 | 29408 ||| Stepping ~*~*~tactically~*~*~ (hiding).
 29409 | Vaults:1 | 29409 ||| Stepping ~*~*~tactically~*~*~ (hiding).
 29537 | Vaults:1 | 29537 ||| Stepping ~*~*~tactically~*~*~ (hiding).
 29539 | Vaults:1 | 29539 ||| INVOKING Heroism.
 29600 | Vaults:1 | 29600 ||| INVOKING Heroism.
 29601 | Vaults:1 | 29601 ||| INVOKING Finesse.
 29623 | Vaults:1 | Received a gift from Okawaru
 29627 | Vaults:1 | Reached skill level 9 in Throwing
 29867 | Vaults:1 | 29867 ||| Stepping ~*~*~tactically~*~*~ (stealth).
 29878 | Vaults:1 | 29878 ||| INVOKING Heroism.
 29879 | Vaults:1 | 29879 ||| INVOKING Finesse.
 29935 | Vaults:1 | 29935 ||| Stepping ~*~*~tactically~*~*~ (stealth).
 29944 | Vaults:1 | 29944 ||| Stepping ~*~*~tactically~*~*~ (stealth).
 29951 | Vaults:1 | 29951 ||| INVOKING Heroism.
 30041 | Vaults:1 | Received a gift from Okawaru
 30153 | Vaults:1 | 30153 ||| DROPPING +2 pair of gloves.
 30154 | Vaults:1 | 30154 ||| DROPPING ring of ice.
 30406 | Vaults:2 | 30406 ||| Stepping ~*~*~tactically~*~*~ (hiding).
 30410 | Vaults:2 | 30410 ||| INVOKING Heroism.
 30474 | Vaults:2 | 30474 ||| INVOKING Finesse.
 30488 | Vaults:2 | 30488 ||| INVOKING Heroism.
 30537 | Vaults:2 | 30537 ||| INVOKING Heroism.
 30539 | Vaults:2 | 30539 ||| Stepping ~*~*~tactically~*~*~ (hiding).
 30615 | Vaults:2 | 30615 ||| Stepping ~*~*~tactically~*~*~ (hiding).
 30616 | Vaults:2 | 30616 ||| Stepping ~*~*~tactically~*~*~ (hiding).
 30620 | Vaults:2 | 30620 ||| INVOKING Heroism.
 30621 | Vaults:2 | 30621 ||| INVOKING Finesse.
 30624 | Vaults:2 | Reached skill level 19 in Shields
 31026 | Vaults:2 | Noticed Boris
 31027 | Vaults:2 | 31027 ||| INVOKING Heroism.
 31028 | Vaults:2 | 31028 ||| INVOKING Finesse.
 31037 | Vaults:2 | Killed Boris
 31037 | Vaults:2 | Received a gift from Okawaru
 31121 | Vaults:2 | 31121 ||| Stepping ~*~*~tactically~*~*~ (stealth).
 31125 | Vaults:2 | 31125 ||| INVOKING Heroism.
 31435 | Vaults:2 | 31435 ||| INVOKING Heroism.
 31457 | Vaults:2 | 31457 ||| Stepping ~*~*~tactically~*~*~ (stealth).
 31646 | Vaults:2 | Noticed Mara
 31647 | Vaults:2 | 31647 ||| INVOKING Heroism.
 31648 | Vaults:2 | 31648 ||| INVOKING Finesse.
 31662 | Vaults:2 | Reached skill level 6 in Dodging
 31679 | Vaults:2 | Killed Mara
 31680 | Vaults:2 | Reached XP level 20. HP: 104/132 MP: 22/27
 31798 | Vaults:2 | 31798 ||| Stepping ~*~*~tactically~*~*~ (hiding).
 31872 | Vaults:2 | 31872 ||| Stepping ~*~*~tactically~*~*~ (hiding).
 31993 | Vaults:2 | 31993 ||| INVOKING Heroism.
 31994 | Vaults:2 | 31994 ||| INVOKING Finesse.
 32223 | Vaults:3 | 32223 ||| Stepping ~*~*~tactically~*~*~ (stealth).
 32227 | Vaults:3 | 32227 ||| INVOKING Heroism.
 32234 | Vaults:3 | Received a gift from Okawaru
 32332 | Vaults:3 | 32332 ||| Stepping ~*~*~tactically~*~*~ (hiding).
 32340 | Vaults:3 | 32340 ||| INVOKING Heroism.
 32356 | Vaults:3 | Identified the +1 hat "Jeskah" {rN+} (Okawaru gifted it to
                  | you on level 3 of the Vaults)
 32356 | Vaults:3 | Received a gift from Okawaru
 32436 | Vaults:3 | 32436 ||| INVOKING Heroism.
 32544 | Vaults:3 | Found a staircase to the Crypt.
 32545 | Vaults:3 | 32545 ||| INVOKING Heroism.
 32581 | Vaults:3 | 32581 ||| Stepping ~*~*~tactically~*~*~ (hiding).
 32651 | Vaults:3 | 32651 ||| Stepping ~*~*~tactically~*~*~ (hiding).
 32655 | Vaults:3 | 32655 ||| INVOKING Heroism.
 32660 | Vaults:3 | 32660 ||| Stepping ~*~*~tactically~*~*~ (hiding).
 32661 | Vaults:3 | 32661 ||| Stepping ~*~*~tactically~*~*~ (hiding).
 32662 | Vaults:3 | 32662 ||| Stepping ~*~*~tactically~*~*~ (hiding).
 32663 | Vaults:3 | 32663 ||| Stepping ~*~*~tactically~*~*~ (hiding).
 33034 | Vaults:3 | 33034 ||| Stepping ~*~*~tactically~*~*~ (hiding).
 33037 | Vaults:3 | 33037 ||| Stepping ~*~*~tactically~*~*~ (hiding).
 33047 | Vaults:3 | 33047 ||| Stepping ~*~*~tactically~*~*~ (hiding).
 33174 | Vaults:3 | 33174 ||| INVOKING Heroism.
 33374 | Vaults:3 | 33374 ||| Stepping ~*~*~tactically~*~*~ (stealth).
 33385 | Vaults:3 | 33385 ||| Stepping ~*~*~tactically~*~*~ (hiding).
 33519 | Vaults:3 | 33519 ||| DRINKING 3 potions of curing.
 33519 | Vaults:3 | 33519 ||| (to cure confusion)
 33575 | Vaults:3 | 33575 ||| INVOKING Heroism.
 33689 | Vaults:3 | 33689 ||| INVOKING Heroism.
 33885 | Vaults:3 | Paralysed by a great orb of eyes for 2 turns
 33909 | Vaults:3 | 33909 ||| INVOKING Heroism.
 34265 | Vaults:3 | 34265 ||| Stepping ~*~*~tactically~*~*~ (hiding).
 34268 | Vaults:3 | 34268 ||| Stepping ~*~*~tactically~*~*~ (hiding).
 34279 | Vaults:3 | 34279 ||| Stepping ~*~*~tactically~*~*~ (stealth).
 34280 | Vaults:3 | 34280 ||| Stepping ~*~*~tactically~*~*~ (stealth).
 34282 | Vaults:3 | 34282 ||| Stepping ~*~*~tactically~*~*~ (hiding).
 34284 | Vaults:3 | 34284 ||| Stepping ~*~*~tactically~*~*~ (stealth).
 34289 | Vaults:3 | 34289 ||| Stepping ~*~*~tactically~*~*~ (hiding).
 34304 | Vaults:3 | Found Zextasarey's Weapon Boutique.
 34313 | Vaults:3 | 34313 ||| DROPPING +1 hat "Jeskah" {rN+}.
 34392 | Vaults:4 | 34392 ||| Stepping ~*~*~tactically~*~*~ (hiding).
 34406 | Vaults:4 | 34406 ||| Stepping ~*~*~tactically~*~*~ (hiding).
 34415 | Vaults:4 | 34415 ||| Stepping ~*~*~tactically~*~*~ (stealth).
 34471 | Vaults:4 | Received a gift from Okawaru
 34496 | Vaults:4 | 34496 ||| INVOKING Heroism.
 34506 | Vaults:4 | 34506 ||| Stepping ~*~*~tactically~*~*~ (hiding).
 34507 | Vaults:4 | 34507 ||| Stepping ~*~*~tactically~*~*~ (hiding).
 34511 | Vaults:4 | 34511 ||| Stepping ~*~*~tactically~*~*~ (hiding).
 34512 | Vaults:4 | 34512 ||| Stepping ~*~*~tactically~*~*~ (hiding).
 34654 | Vaults:4 | Noticed Margery
 34655 | Vaults:4 | Noticed Boris
 34655 | Vaults:4 | 34655 ||| INVOKING Heroism.
 34656 | Vaults:4 | Reached skill level 18 in Fighting
 34656 | Vaults:4 | 34656 ||| INVOKING Finesse.
 34667 | Vaults:4 | Killed Margery
 34676 | Vaults:4 | Killed Boris
 34682 | Vaults:4 | 34682 ||| Stepping ~*~*~tactically~*~*~ (stealth).
 34688 | Vaults:4 | 34688 ||| Stepping ~*~*~tactically~*~*~ (stealth).
 34689 | Vaults:4 | 34689 ||| Stepping ~*~*~tactically~*~*~ (stealth).
 34750 | Vaults:4 | 34750 ||| INVOKING Heroism.
 34762 | Vaults:4 | Reached XP level 21. HP: 125/141 MP: 26/28
 34819 | Vaults:4 | 34819 ||| INVOKING Heroism.
 34897 | Vaults:4 | 34897 ||| Stepping ~*~*~tactically~*~*~ (stealth).
 34898 | Vaults:4 | 34898 ||| Stepping ~*~*~tactically~*~*~ (stealth).
 34901 | Vaults:4 | 34901 ||| INVOKING Heroism.
 34955 | Vaults:4 | 34955 ||| Stepping ~*~*~tactically~*~*~ (stealth).
 35231 | Vaults:4 | Found Sithrach's Assorted Antiques.
 35238 | Vaults:4 | 35238 ||| DRINKING 3 potions of curing.
 35238 | Vaults:4 | 35238 ||| (to cure confusion)
 35245 | Vaults:4 | 35245 ||| BUYING scroll of enchant armour (247 gold).
 35245 | Vaults:4 | Bought a scroll of enchant armour for 247 gold pieces
 35263 | Vaults:4 | 35263 ||| FLEEEEING.
 35264 | Vaults:4 | 35264 ||| FLEEEEING.
 35265 | Vaults:4 | 35265 ||| FLEEEEING.
 35266 | Vaults:4 | 35266 ||| FLEEEEING.
 35267 | Vaults:4 | 35267 ||| FLEEEEING.
 35268 | Vaults:4 | 35268 ||| FLEEEEING.
 35269 | Vaults:4 | 35269 ||| FLEEEEING.
 35270 | Vaults:4 | 35270 ||| FLEEEEING.
 35271 | Vaults:4 | 35271 ||| FLEEEEING.
 35272 | Vaults:4 | 35272 ||| FLEEEEING.
 35273 | Vaults:4 | 35273 ||| FLEEEEING.
 35274 | Vaults:4 | 35274 ||| FLEEEEING.
 35275 | Vaults:4 | 35275 ||| FLEEEEING.
 35276 | Vaults:4 | 35276 ||| FLEEEEING.
 35282 | Vaults:4 | 35282 ||| FLEEEEING.
 35283 | Vaults:4 | 35283 ||| FLEEEEING.
 35284 | Vaults:4 | 35284 ||| FLEEEEING.
 35285 | Vaults:4 | 35285 ||| FLEEEEING.
 35286 | Vaults:4 | 35286 ||| FLEEEEING.
 35287 | Vaults:4 | 35287 ||| FLEEEEING.
 35288 | Vaults:4 | 35288 ||| FLEEEEING.
 35289 | Vaults:4 | 35289 ||| FLEEEEING.
 35290 | Vaults:4 | 35290 ||| FLEEEEING.
 35291 | Vaults:4 | 35291 ||| FLEEEEING.
 35292 | Vaults:4 | 35292 ||| FLEEEEING.
 35293 | Vaults:4 | 35293 ||| FLEEEEING.
 35294 | Vaults:4 | 35294 ||| FLEEEEING.
 35295 | Vaults:4 | 35295 ||| FLEEEEING.
 35296 | Vaults:4 | 35296 ||| FLEEEEING.
 35297 | Vaults:4 | 35297 ||| FLEEEEING.
 35315 | Vaults:4 | 35315 ||| INVOKING Heroism.
 35364 | Vaults:4 | 35364 ||| FLEEEEING.
 35365 | Vaults:4 | 35365 ||| FLEEEEING.
 35366 | Vaults:4 | 35366 ||| FLEEEEING.
 35367 | Vaults:4 | 35367 ||| FLEEEEING.
 35368 | Vaults:4 | 35368 ||| FLEEEEING.
 35534 | Vaults:4 | 35534 ||| INVOKING Heroism.
 35624 | Vaults:4 | 35624 ||| Stepping ~*~*~tactically~*~*~ (stealth).
 35767 | Vaults:4 | 35767 ||| Stepping ~*~*~tactically~*~*~ (hiding).
 35787 | Vaults:4 | Reached skill level 18 in Armour
 35848 | Vaults:4 | 35848 ||| Stepping ~*~*~tactically~*~*~ (hiding).
 35856 | Vaults:4 | 35856 ||| INVOKING Heroism.
 35862 | Vaults:4 | HP: 29/141 [war gargoyle/spray of metal splinters[a
                  | peacekeeper] (10)]
 35863 | Vaults:4 | 35863 ||| READING 20 scrolls of teleportation.
 35864 | Vaults:4 | 35864 ||| DRINKING 3 potions of heal wounds.
 35874 | Vaults:4 | 35874 ||| Stepping ~*~*~tactically~*~*~ (hiding).
 36081 | Vaults:4 | 36081 ||| INVOKING Heroism.
 36082 | Vaults:4 | 36082 ||| INVOKING Finesse.
 36132 | Vaults:4 | Reached skill level 20 in Shields
 36375 | Vaults:4 | 36375 ||| Stepping ~*~*~tactically~*~*~ (hiding).
 36412 | Vaults:4 | 36412 ||| INVOKING Heroism.
 36413 | Vaults:4 | 36413 ||| INVOKING Finesse.
 36480 | Vaults:4 | 36480 ||| Stepping ~*~*~tactically~*~*~ (hiding).
 36481 | Vaults:4 | 36481 ||| Stepping ~*~*~tactically~*~*~ (hiding).
 36641 | Vaults:4 | 36641 ||| Stepping ~*~*~tactically~*~*~ (stealth).
 36643 | Vaults:4 | 36643 ||| Stepping ~*~*~tactically~*~*~ (hiding).
 36680 | Vaults:4 | 36680 ||| FLEEEEING.
 36681 | Vaults:4 | 36681 ||| FLEEEEING.
 36688 | Vaults:4 | 36688 ||| FLEEEEING.
 36810 | Vaults:4 | Identified the +1 ring mail "Qymemn" {rF+ Dex+3}
 36994 | Vaults:4 | 36994 ||| PLANNING SNAKE:4
 37417 | Snake:4  | Entered Level 4 of the Snake Pit
 37417 | Snake:4  | Found a broken altar of Ashenzari.
 37418 | Snake:4  | 37418 ||| Stepping ~*~*~tactically~*~*~ (hiding).
 37421 | Snake:4  | 37421 ||| INVOKING Heroism.
 37468 | Snake:4  | 37468 ||| INVOKING Heroism.
 37486 | Snake:4  | HP: 16/144 [naga warrior/+0 halberd (32)]
 37487 | Snake:4  | 37487 ||| READING 19 scrolls of teleportation.
 37487 | Snake:4  | HP: 6/144 [constriction (2)]
 37487 | Snake:4  | Demolished by a naga warrior

Levels and vault maps discovered:
D:1:      beargit_arrival_diablo_church, layout_rooms, minmay_fountain_box
D:2:      layout_loops_ring, shapermc_ecumenical_altar_ellora
D:3:      layout_rooms, lightli_temple_of_fire, grunt_ministairs_14, uniq_robin,
          uniq_terence
D:4:      layout_basic, overflow_temple_1_default, serial_shops,
          kennysheep_mini, nrook_campfire, chequers_arboretum, minmay_cupped
D:5:      layout_loops_cross, nicolae_overflow_hallway_of_the_gods,
          serial_shops, nicolae_shop_stone, uniq_ijyb
D:6:      layout_rooms, mainiacjoe_overflow_brackets, minmay_temple_entry_grid,
          gammafunk_ghost_nasty_kobolds, serial_shops,
          nicolae_shop_behind_doors, nicolae_shop_hallway_stairs,
          kennysheep_mini_moat
D:7:      layout_basic, overflow_temple_1_default, serial_shops, shop,
          kennysheep_another_room, uniq_pikel
D:8:      layout_rooms, nicolae_overflow_crystal_walls, erik_lair_dragon,
          uniq_grum, uniq_joseph
D:9:      minmay_imperfect_grid, layout_loops_ring, nicolae_good_shop
D:10:     layout_loops_ring, serial_undead, serial_undead_a, serial_undead_f,
          serial_undead_f, serial_undead_b, serial_undead_a, serial_undead_c
D:11:     layout_grid_maze
D:12:     hellmonk_crumbling_castle, layout_loops_ring, minmay_misc_feat_cross,
          uniq_kirke
D:13:     layout_rooms, erik_vaults_2
D:14:     layout_big_octagon, chequers_garden, tgw_sif
D:15:     grunt_enter_depths_giant_problem, layout_irregular_city,
          abandoned_shop, serial_column_ruins, column_ruins_hut,
          column_ruins_open_medium, column_ruins_grid_1,
          column_ruins_open_small_water, column_ruins_grid_1,
          column_ruins_grid_1, column_ruins_open_small, kennysheep_flooded_box,
          roderic_serpentine_path, slow_altar_1
Lair:1:   layout_chaotic_city, grunt_megastairs_3
Lair:2:   layout_regular_city, chequers_serial_rivers_large_a, minmay_holes,
          serial_bayou_pond_e, uniq_fannar
Lair:3:   layout_misc_corridors, minmay_shoals_entry_beasts, dummy_snake_entry,
          uniq_gastronok
Lair:4:   layout_misc_corridors, serial_bayou_shore_b, grunt_megastairs_2
Lair:5:   evilmike_catoblepas_cave, layout_regular_city, slime_entry_2,
          gammafunk_ghost_berserking_beasts, st_stairs_3, lemuel_fruit_fields,
          uniq_sonja
Shoals:1: layout_shoals
Shoals:2: layout_shoals, minmay_shop_enchanted_jewellery,
          nicolae_shoals_elemental_ambush
Shoals:3: layout_shoals, uniq_ilsuiw
Shoals:4: shoals_end_hellmonk_lost_city
Snake:1:  layout_onion
Snake:2:  layout_layer_cave, serial_shops, shop, nicolae_shop_dragon_depot
Snake:3:  layout_rooms, nicolae_integral_box
Snake:4:  snake_pit, layout_misc_corridors, basic_altar
Orc:1:    layout_caves, minmay_orc_temple_b, uniq_josephine
Orc:2:    st_orc_town, layout_caves, ebering_ghost_gozag
Vaults:1: nicolae_vaults_network_square, vaults_room_glass_cross,
          vaults_room_pool, vaults_mumra_hexcomb, nicolae_vaults_circle_grid_b,
          hangedman_vaults_variations, vaults_dpeg_diagonal,
          nicolae_vaults_theta, dpeg_vaults_monster_box,
          nicolae_vaults_yaktaur_gun_rack, vaults_room_grunt_arrival_ludios,
          layout_vaults_omnicross, uniq_saint_roka, uniq_aizul
Vaults:2: vaults_dpeg_spiral, nicolae_vaults_network_quinsquares
          [nicolae_vaults_network_quincunx_subvault,
          nicolae_vaults_network_quincunx_subvault,
          nicolae_vaults_network_quincunx_subvault,
          nicolae_vaults_network_quincunx_subvault],
          nicolae_vaults_three_branches, st_lines, hangedman_vaults_cutoff,
          v_misc_12, nicolae_vaults_gold_heap, ontoclasm_vaults_fault,
          nicolae_vaults_little_squares_3, layout_vaults_quadrants, uniq_mara,
          uniq_boris
Vaults:3: minmay_crypt_entry_simple_round, grunt_vaults_twisty,
          nicolae_vaults_fighting_squares, v_misc_16, vaults_room_door_ring,
          grunt_vaults_funnel, vaults_room_fours, vaults_room_large_hall,
          nicolae_vaults_little_squares_6, v_misc_33, nicolae_vaults_big_ls,
          layout_vaults_omnibox, serial_shops, nicolae_lakefront_shop
Vaults:4: st_octagons_1, v_misc_3, nicolae_vaults_network_quincunx
          [nicolae_vaults_network_quincunx_subvault,
          nicolae_vaults_network_quincunx_subvault,
          nicolae_vaults_network_quincunx_subvault,
          nicolae_vaults_network_quincunx_subvault,
          nicolae_vaults_network_quincunx_subvault], v_rooms_4, v_misc_16,
          nicolae_vaults_network_periphery, vaults_dpeg_ring,
          layout_vaults_chaotic_city, serial_shops, shop_fountains, uniq_margery

Skill      XL: |  1  2  3  4  5  6  7  8  9 10 11 12 13 14 15 16 17 18 19 20 21 |
---------------+----------------------------------------------------------------+-----
Axes           | 2 3 4 5 6 7 8 9 11 12 13 14 15 17 18 | 18.0
Throwing       | 1 2 3 5 6 8 9 10 | 10.0
Fighting       | 5 6 7 8 9 10 11 12 13 14 15 16 18 19 | 19.0
Dodging        | 1 2 4 5 6 7 |  7.0
Invocations    | 3 4 6 10 | 10.0
Shields        | 4 5 6 7 11 13 16 18 19 20 | 20.0
Armour         | 4 5 9 10 11 12 14 16 17 18 | 18.1

Action                   |  1- 3 |  4- 6 |  7- 9 | 10-12 | 13-15 | 16-18 | 19-21 || total
-------------------------+-------+-------+-------+-------+-------+-------+-------++-------
Melee: War axe           |    98 |    20 |       |       |       |       |       ||   118
       Broad axe         |       |    65 |   182 |   320 |   757 |  1366 |  1248 ||  3938
       Flail             |       |       |       |     7 |    12 |       |       ||    19
       Morningstar       |       |       |       |       |     6 |     1 |       ||     7
Throw: Boomerang         |     9 |     2 |     6 |    34 |    54 |    28 |       ||   133
       Javelin           |       |    37 |    28 |    37 |   135 |    51 |    74 ||   362
Invok: Heroism           |       |       |     6 |    18 |    28 |    56 |    38 ||   146
       Finesse           |       |       |       |     3 |    11 |     8 |    11 ||    33
  Use: Scroll            |     1 |     6 |     9 |     7 |     7 |     4 |     3 ||    37
       Potion            |       |     1 |     6 |     1 |     4 |     9 |     3 ||    24
 Stab: Invisible         |       |       |       |     7 |    17 |    25 |    14 ||    63
       Petrifying        |       |       |       |       |     1 |       |     2 ||     3
       Petrified         |       |       |       |       |       |       |     5 ||     5
Armor: Scale mail        |    34 |    22 |       |       |       |       |       ||    56
       Chain mail        |       |    20 |    22 |    26 |   240 |   291 |       ||   599
       Ring mail         |       |       |    70 |    51 |       |       |       ||   121
       Plate armour      |       |       |       |       |       |    44 |   284 ||   328
Dodge: Dodged            |    54 |    70 |   105 |   196 |   364 |   492 |   347 ||  1628
Block: Buckler           |    18 |    19 |    27 |    47 |   115 |       |       ||   226
       Kite shield       |       |       |       |       |    54 |   463 |       ||   517
       Reflection        |       |       |       |       |       |   170 |    78 ||   248
       Tower shield      |       |       |       |       |       |   773 |  1103 ||  1876

Table legend:
 A = Non-vault XP
 B = Vault XP
 C = Vault XP percentage of total XP
 D = Non-vault monster count
 E = Vault monster count
 F = Vault count percentage of total count
                 A         B        C        D         E       F
            +---------+---------+-------+---------+---------+-------
      Total |  342784 |  210031 |  38.0 |     876 |     430 |  32.9
            +---------+---------+-------+---------+---------+-------
        D:1 |      46 |       0 |   0.0 |      24 |       0 |   0.0
        D:2 |      31 |       0 |   0.0 |      11 |       0 |   0.0
        D:3 |      35 |      80 |  69.6 |      17 |      17 |  50.0
        D:4 |     606 |      41 |   6.3 |      24 |       3 |  11.1
        D:5 |     338 |      36 |   9.6 |       9 |       1 |  10.0
        D:6 |    1010 |       0 |   0.0 |      22 |       0 |   0.0
        D:7 |    1687 |     629 |  27.2 |      42 |       1 |   2.3
        D:8 |     788 |    2813 |  78.1 |      10 |      12 |  54.5
        D:9 |    1737 |    2898 |  62.5 |      13 |      20 |  60.6
       D:10 |    2823 |    6295 |  69.0 |      16 |      24 |  60.0
       D:11 |    2581 |       0 |   0.0 |      12 |       0 |   0.0
       D:12 |    3382 |    2281 |  40.3 |      12 |       5 |  29.4
       D:13 |    3823 |    6961 |  64.5 |       6 |       8 |  57.1
       D:14 |    6809 |      35 |   0.5 |      16 |       1 |   5.9
       D:15 |   15423 |    1691 |   9.9 |      30 |       3 |   9.1
     Lair:1 |    4768 |     394 |   7.6 |      17 |       2 |  10.5
     Lair:2 |    4191 |     855 |  16.9 |      16 |       1 |   5.9
     Lair:3 |   12331 |    2267 |  15.5 |      26 |       3 |  10.3
     Lair:4 |    7281 |    1595 |  18.0 |      21 |       7 |  25.0
     Lair:5 |   24648 |   12374 |  33.4 |      60 |      26 |  30.2
   Shoals:1 |    6067 |       0 |   0.0 |      12 |       0 |   0.0
   Shoals:2 |   12561 |    1248 |   9.0 |      23 |       6 |  20.7
   Shoals:3 |   11877 |    4238 |  26.3 |      19 |       6 |  24.0
   Shoals:4 |   13920 |   27562 |  66.4 |      25 |      39 |  60.9
    Snake:1 |   13217 |       0 |   0.0 |      31 |       0 |   0.0
    Snake:2 |   20736 |       0 |   0.0 |      42 |       0 |   0.0
    Snake:3 |   22874 |       0 |   0.0 |      44 |       0 |   0.0
    Snake:4 |    3856 |   10350 |  72.9 |       8 |      15 |  65.2
      Orc:1 |    3971 |    2228 |  35.9 |      36 |      17 |  32.1
      Orc:2 |    2349 |    6147 |  72.4 |      28 |      59 |  67.8
   Vaults:1 |   33612 |   30072 |  47.2 |      50 |      52 |  51.0
   Vaults:2 |   23760 |   24371 |  50.6 |      33 |      26 |  44.1
   Vaults:3 |   32485 |   28012 |  46.3 |      46 |      34 |  42.5
   Vaults:4 |   35421 |   34558 |  49.4 |      43 |      42 |  49.4
    Abyss:3 |   11740 |       0 |   0.0 |      32 |       0 |   0.0
            +---------+---------+-------+---------+---------+-------
